 Seeded DCSS version 0.31-a0-978-g1e14348 (webtiles) character file.

Game seed: 373095180316499826 (custom seed)

21187695 PurpleRed the Archmage (level 27, 291/291 HPs)
             Began as an Octopode Wanderer on Oct 30, 2023.
             Was the Champion of Vehumet.
             Escaped with the Orb
             ... and 15 runes!
             The game lasted 06:07:52 (71960 turns).

PurpleRed the Archmage (Octopode Wanderer)         Turns: 71960, Time: 06:07:53

Health: 291/291    AC: 39    Str: 21    XL:     27
Magic:  63/63      EV: 25    Int: 53    God:    Vehumet [******]
Gold:   13343      SH:  9    Dex:  8    Spells: 6/80 levels left

rFire   + + +        l - staff "Tovok" {*Corrode rN+ MP+9 SInv Conj}
rCold   + + .        t - crystal ball of Wucad Mu {*channel}
rNeg    + + +        b - +1 hat "Caeqasta" {rC+ Regen+}
rPois   ∞            H - amulet of Queggo {Reflect rPois Regen+ SH+5 Stlth+}
rElec   +            s - ring "Pemie" {Wiz rF+ rCorr Int+4 Dex-2}
rCorr   +            J - ring "Ymishiol" {Fly rElec rC++ Str+3}
SInv    +            I - ring "Veinn" {rF++ rN+ Int+3}
Will    ++++.        M - ring "Zyraurywn" {Fire +Blink Fly Will+ Int+3}
Stlth   ++           P - ring "Baeh" {Int+6 Stlth+}
HPRegen 2.28/turn    Q - ring of Wiener {rN+ Will+ rCorr Str+4 Int+3}
MPRegen 0.38/turn    A - +5 ring of evasion
                     g - ring "Ownud" {rPois rF+ rN+ Int+7 Slay-5 SInv}

%: corrode self (3%), reflection, wizardry (x1), channel magic (40%)
@: statue-form, flying, studying 12 skills, very slow
A: slow and powerful, torment resistance 1, boosted hp, almost no armour,
amphibious, 8 rings, camouflage 1, (gelatinous body 1), (nimble swimmer 1),
tentacles, tentacle spike 1, large bone plates 1, (shaggy fur 1)
0: Orb of Zot
}: 15/15 runes: barnacled, slimy, silver, golden, iron, obsidian, icy, bone,
abyssal, demonic, glowing, magical, fiery, dark, gossamer
a: Begin Untransformation, Renounce Religion, Evoke Blink


You escaped.
You worshipped Vehumet.
Vehumet was exalted by your worship.
You were a living statue of rough stone.
You visited 18 branches of the dungeon, and saw 87 of its levels.
You visited Pandemonium 1 time, and saw 12 of its levels.
You visited the Abyss 2 times.
You completed 1 ziggurat, and saw 27 of its levels.
You also visited: Ice Cave and Wizlab.

You collected 14978 gold pieces.
You spent 1635 gold pieces at shops.

Inventory:

Hand Weapons
 p - a +3 trishula of holy wrath
 X - the +10 demon trident of Qepsofeq {elec, *Corrode rElec Dex+5}
   (You found it on level 7 of Cocytus)

   Dex+5:     It affects your dexterity (+5).
   rElec:     It insulates you from electricity.
   *Corrode:  It may corrode you when you take damage.
Missiles
 y - 28 curare-tipped darts
Armour
 b - the +1 hat "Caeqasta" (worn) {rC+ Regen+}
   (You acquired it on level 11 of a ziggurat)

   rC+:       It protects you from cold.
   Regen+:    It increases your rate of health regeneration.
 f - a +1 kite shield of resistance
 i - the sphere of Battle
   (You found it on level 23 of a ziggurat)

   Battle:    It summons a battlesphere in combat, with strength depending on
   Conjurations skill.
   Destructive: It enhances your destructive magic, and weakens non-destructive
   magic.
 t - the crystal ball of Wucad Mu (worn) {*channel}
   (You found it in a wizard's laboratory)

   *Channel:  It often returns the magic spent to cast spells, but lowers their
   success rate.
   It always returns the magic spent on miscasts.
Magical Staves
 k - the staff of Quantum Leap {Int+5 Conj}
   (You found it on level 19 of a ziggurat)

   [staff of conjuration]

   Base accuracy: +5 Base damage: 5 Base attack delay: 1.2 This weapon's minimum
   attack delay (0.6) is reached at skill level 12.
   Int+5:     It affects your intelligence (+5).
   Conj:      It increases the power of your Conjurations spells.
   It falls into the 'Staves' category.
   It is a one-tentacled weapon.
 l - the staff "Tovok" (weapon) {*Corrode rN+ MP+9 SInv Conj}
   (You found it on level 1 of the Vaults)

   [staff of conjuration]

   Base accuracy: +5 Base damage: 5 Base attack delay: 1.2 This weapon's minimum
   attack delay (0.6) is reached at skill level 12.
   rN+:       It protects you from negative energy.
   MP+9:      It affects your magic capacity (+9).
   SInv:      It lets you see invisible.
   *Corrode:  It may corrode you when you take damage.
   Conj:      It increases the power of your Conjurations spells.
   It falls into the 'Staves' category.
   It is a one-tentacled weapon.
 D - the staff "Wucs" {rPois rC+ Int+3 Dex-2 Earth}
   (You found it on level 19 of a ziggurat)

   [staff of earth]

   Base accuracy: +5 Base damage: 5 Base attack delay: 1.2 This weapon's minimum
   attack delay (0.6) is reached at skill level 12.
   Int+3:     It affects your intelligence (+3).
   Dex-2:     It affects your dexterity (-2).
   rC+:       It protects you from cold.
   rPois:     It protects you from poison Earth: It increases the power of your
   Earth spells.
   It falls into the 'Staves' category.
   It is a one-tentacled weapon.
 U - the staff "Qoxiefo" {+Blink rElec rC+ Int+3 Air}
   (You found it on level 5 of the Lair of Beasts)

   [staff of air]

   Base accuracy: +5 Base damage: 5 Base attack delay: 1.2 This weapon's minimum
   attack delay (0.6) is reached at skill level 12.
   Int+3:     It affects your intelligence (+3).
   rC+:       It protects you from cold.
   rElec:     It insulates you from electricity.
   +Blink:    It lets you blink.
   Air:       It increases the power of your Air spells.
   It falls into the 'Staves' category.
   It is a one-tentacled weapon.
Jewellery
 c - the amulet "Voty" {RegenMP rElec}
   (You found it on level 3 of the Elven Halls)

   [amulet of magic regeneration]

   RegenMP:   It increases your rate of magic regeneration.
   rElec:     It insulates you from electricity.
 g - the ring "Ownud" (on tentacle) {rPois rF+ rN+ Int+7 Slay-5 SInv}
   (You found it on level 17 of a ziggurat)

   [ring of protection from fire]

   Int+7:     It affects your intelligence (+7).
   Slay-5:    It affects your accuracy & damage with ranged weapons and melee
   (-5).
   rF+:       It protects you from fire.
   rPois:     It protects you from poison rN+: It protects you from negative
   energy.
   SInv:      It lets you see invisible.
 h - the ring "Woah" {Will+++ rCorr MP+9 Str-3 Slay+4}
   (You found it on level 27 of a ziggurat)

   [ring of resist corrosion]

   Str-3:     It affects your strength (-3).
   Slay+4:    It affects your accuracy & damage with ranged weapons and melee
   (+4).
   Will+++:   It greatly increases your willpower.
   MP+9:      It affects your magic capacity (+9).
   rCorr:     It protects you from acid and corrosion.
 s - the ring "Pemie" (left tentacle) {Wiz rF+ rCorr Int+4 Dex-2}
   (You found it on level 20 of a ziggurat)

   [ring of wizardry]

   Wiz:       It improves your spell success rate.
   Int+4:     It affects your intelligence (+4).
   Dex-2:     It affects your dexterity (-2).
   rF+:       It protects you from fire.
   rCorr:     It protects you from acid and corrosion.
 z - the amulet of Bysadyfe {Will+ Regen+ MP+9 Int+4 Dex-4}
   (You found it on level 7 of Cocytus)

   [amulet of regeneration]

   Int+4:     It affects your intelligence (+4).
   Dex-4:     It affects your dexterity (-4).
   Will+:     It increases your willpower.
   MP+9:      It affects your magic capacity (+9).
   Regen+:    It increases your rate of health regeneration.
 A - a +5 ring of evasion (on tentacle)
 G - the ring of Temptation {rF+ rN+ AC+4 Str+5 Int-2}
   (You found it on level 5 of the Pits of Slime)

   [ring of protection]

   AC+4:      It affects your AC (+4).
   Str+5:     It affects your strength (+5).
   Int-2:     It affects your intelligence (-2).
   rF+:       It protects you from fire.
   rN+:       It protects you from negative energy.
 H - the amulet of Queggo (around mantle) {Reflect rPois Regen+ SH+5 Stlth+}
   (You found it on level 18 of a ziggurat)

   [amulet of reflection]

   Reflect:   It reflects blocked missile attacks.
   rPois:     It protects you from poison Regen+: It increases your rate of
   health regeneration.
   SH+5:      It affects your SH (+5).
   Stlth+:    It makes you more stealthy.
 I - the ring "Veinn" (on tentacle) {rF++ rN+ Int+3}
   (You took it off a guardian mummy on level 3 of the Crypt)

   [ring of positive energy]

   Int+3:     It affects your intelligence (+3).
   rF++:      It greatly protects you from fire.
   rN+:       It protects you from negative energy.
 J - the ring "Ymishiol" (right tentacle) {Fly rElec rC++ Str+3}
   (You found it on level 1 of the Vaults)

   [ring of flight]

   Str+3:     It affects your strength (+3).
   rC++:      It greatly protects you from cold.
   rElec:     It insulates you from electricity.
   Fly:       It grants you flight.
 M - the ring "Zyraurywn" (on tentacle) {Fire +Blink Fly Will+ Int+3}
   (You found it on level 23 of a ziggurat)

   [ring of fire]

   Fire:      It enhances your fire magic.
   Int+3:     It affects your intelligence (+3).
   rF+:       It protects you from fire.
   rC-:       It makes you vulnerable to cold.
   Will+:     It increases your willpower.
   Fly:       It grants you flight.
   +Blink:    It lets you blink.
 P - the ring "Baeh" (on tentacle) {Int+6 Stlth+}
   (You took it off a deep elf zephyrmancer on level 3 of the Elven Halls)

   [ring of intelligence]

   Int+6:     It affects your intelligence (+6).
   Stlth+:    It makes you more stealthy.
 Q - the ring of Wiener (on tentacle) {rN+ Will+ rCorr Str+4 Int+3}
   (You acquired it on level 11 of a ziggurat)

   [ring of resist corrosion]

   Str+4:     It affects your strength (+4).
   Int+3:     It affects your intelligence (+3).
   rN+:       It protects you from negative energy.
   Will+:     It increases your willpower.
   rCorr:     It protects you from acid and corrosion.
Talismans
 n - a dragon-blood talisman
 S - a storm talisman
 T - a granite talisman (active)
 Y - a talisman of death
Wands
 w - a wand of light (57)
 K - a wand of digging (46)
Scrolls
 d - 14 scrolls of enchant armour
 e - 36 scrolls of teleportation
 C - 11 scrolls of revelation
 E - 13 scrolls of blinking
 L - 12 scrolls of fear
 N - 23 scrolls of fog
 O - 6 scrolls of amnesia
 R - 3 scrolls of summoning
Potions
 a - 12 potions of enlightenment
 j - 41 potions of curing
 m - 2 potions of haste
 o - 8 potions of brilliance
 q - 14 potions of lignification
 r - 11 potions of might
 u - 33 potions of mutation
 v - 6 potions of magic
 x - 12 potions of heal wounds
 F - 7 potions of ambrosia
 V - 7 potions of resistance
 W - 12 potions of cancellation
 Z - 5 potions of invisibility
Miscellaneous
 B - 2 +1 figurines of a ziggurat


   Skills:
 O Level 27 Fighting
 - Level 3.0 Maces & Flails
 - Level 14.3 Polearms
 O Level 27 Dodging
 - Level 1.3 Stealth
 - Level 8.0 Shields
 O Level 27 Spellcasting
 - Level 23.0 Conjurations
 - Level 21.0 Fire Magic
 + Level 10.3 Ice Magic
 - Level 21.2 Air Magic
 - Level 21.0 Earth Magic
 - Level 4.0 Poison Magic
 - Level 12.0 Evocations
 O Level 27 Shapeshifting


You had 6 spell levels left.
You knew the following spells:

 Your Spells              Type           Power      Damage    Failure   Level
a - Bombard               Conj/Erth      83%        9d13      1%          6
b - Ignition              Fire           82%        3d21      1%          8
c - Lehudib's Crystal Sp  Conj/Erth      83%        10d19     1%          8
d - Iskenderun's Mystic   Conj/Tloc      100%       2d19      1%          4
e - Fire Storm            Conj/Fire      96%        8d24      1%          9
f - Fireball              Conj/Fire      96%        3d35      1%          5
g - Chain Lightning       Conj/Air       83%        3d111     1%          9
h - Apportation           Tloc           100%       N/A       1%          1
i - Orb of Destruction    Conj           84%        9d19      1%          7
k - Blink                 Tloc           100%       N/A       1%          2
s - Shatter               Erth           69%        3d51*     1%          9
x - Sublimation of Blood  Necr           64%        N/A       1%          2
z - Olgreb's Toxic Radia  Pois           85%        N/A       1%          4

Your spell library contained the following spells:

 Spells                   Type           Power      Damage    Failure   Level
 Foxfire                  Conj/Fire      100%       2x1d9     1%          1
 Freeze                   Ice            100%       1d10      1%          1
 Kiss of Death            Conj/Necr      100%       2d13      1%          1
 Magic Dart               Conj           100%       1d8       1%          1
 Necrotise                Necr           100%       1d9       1%          1
 Sandblast                Erth           100%       2d20      1%          1
 Shock                    Conj/Air       100%       1d9       1%          1
 Slow                     Hex            100%       N/A       1%          1
 Sting                    Tmut/Pois      100%       1d8       1%          1
 Summon Small Mammal      Summ           100%       N/A       1%          1
 Call Imp                 Summ           100%       N/A       1%          2
 Cigotuvi's Dreadful Rot  Necr/Pois/Air  100%       N/A       1%          2
 Ensorcelled Hibernation  Hex/Ice        100%       N/A       1%          2
 Jinxbite                 Hex            100%       N/A       1%          2
 Lesser Beckoning         Tloc           100%       N/A       1%          2
 Momentum Strike          Conj/Tloc      100%       3d10      1%          2
 Poisonous Vapours        Pois/Air       100%       N/A       1%          2
 Scorch                   Fire           100%       2d9       1%          2
 Static Discharge         Conj/Air       100%       3-8/arc   1%          2
 Wereblood                Tmut           64%        N/A       1%          2
 Call Canine Familiar     Summ           64%        N/A       1%          3
 Confusing Touch          Hex            64%        N/A       1%          3
 Dazzling Flash           Conj/Hex       100%       N/A       1%          3
 Frozen Ramparts          Ice            100%       1d16      1%          3
 Gell's Gravitas          Tloc           64%        N/A       1%          3
 Hailstorm                Conj/Ice       100%       3d20      1%          3
 Ignite Poison            Fire/Tmut/Pois 100%       N/A       1%          3
 Inner Flame              Hex/Fire       100%       N/A       1%          3
 Mephitic Cloud           Conj/Pois/Air  100%       N/A       1%          3
 Ozocubu's Armour         Ice            100%       N/A       1%          3
 Sigil of Binding         Hex            64%        N/A       1%          3
 Stone Arrow              Conj/Erth      100%       3d13      1%          3
 Summon Guardian Golem    Hex/Summ       64%        N/A       1%          3
 Swiftness                Air            100%       N/A       1%          3
 Teleport Other           Tloc           64%        N/A       1%          3
 Tukima's Dance           Hex            64%        N/A       1%          3
 Vampiric Draining        Necr           64%        2d10      1%          3
 Volatile Blastmotes      Fire/Tloc      100%       2d18      1%          3
 Airstrike                Air            69%        2d(10-26) 1%          4
 Brom's Barrelling Bould  Conj/Erth      100%       2d11      1%          4
 Flame Wave               Conj/Fire      100%       2d21      1%          4
 Fulminant Prism          Conj/Hex       69%        3d27      1%          4
 Leda's Liquefaction      Hex/Erth       55%        N/A       1%          4
 Petrify                  Tmut/Erth      100%       N/A       1%          4
 Sticky Flame             Conj/Fire      100%       2d11      1%          4
 Summon Ice Beast         Ice/Summ       90%        N/A       1%          4
 Summon Lightning Spire   Summ/Air       100%       N/A       1%          4
 Vhi's Electric Charge    Tloc/Air       100%       N/A       1%          4
 Arcjolt                  Conj/Air       83%        1d93      1%          5
 Borgnjor's Vile Clutch   Necr/Erth      55%        N/A       1%          5
 Freezing Cloud           Conj/Ice/Air   78%        6-21      1%          5
 Irradiate                Conj/Tmut      69%        3d34      1%          5
 Lee's Rapid Deconstruct  Erth           69%        3d31*     1%          5
 Metabolic Englaciation   Hex/Ice        45%        N/A       1%          5
 Silence                  Hex/Air        55%        N/A       1%          5
 Yara's Violent Unravell  Hex/Tmut       32%        3d13      1%          5
 Conjure Ball Lightning   Conj/Air       83%        3x3d31    1%          6
 Plasma Beam              Fire/Air       82%        2x1d100   1%          6
 Starburst                Conj/Fire      96%        6d24      1%          6
 Anguish                  Hex/Necr       32%        N/A       2%          4
 Animate Dead             Necr           64%        N/A       2%          4
 Cause Fear               Hex            32%        N/A       2%          4
 Dimensional Bullseye     Hex/Tloc       32%        N/A       2%          4
 Dispel Undead            Necr           64%        3d22      2%          4
 Manifold Assault         Tloc           64%        N/A       2%          4
 Passage of Golubria      Tloc           64%        N/A       2%          4
 Alistair's Intoxication  Tmut/Pois      50%        N/A       2%          5
 Eringya's Noxious Bog    Tmut/Pois      37%        4d6       2%          6
 Simulacrum               Ice/Necr       45%        N/A       3%          6
 Agony                    Necr           64%        N/A       4%          5
 Summon Forest            Summ/Tloc      32%        N/A       4%          5
 Summon Mana Viper        Hex/Summ       64%        N/A       4%          5
 Death Channel            Necr           32%        N/A       16%         6
 Summon Cactus Giant      Summ           32%        N/A       16%         6
 Ozocubu's Refrigeration  Ice            55%        4d19      1%          7
 Spellforged Servitor     Conj/Summ      69%        N/A       1%          7
 Maxwell's Capacitive Co  Air            69%        ∞         1%          8
 Polar Vortex             Ice            55%        12d7*     28%         9
 Enfeeble                 Hex            32%        N/A       54%         7
 Haunt                    Necr/Summ      32%        N/A       54%         7
 Malign Gateway           Summ/Tloc      32%        N/A       54%         7
 Monstrous Menagerie      Summ           32%        N/A       54%         7
 Summon Hydra             Summ           32%        N/A       54%         7
 Borgnjor's Revivificati  Necr           32%        N/A       98%         8
 Discord                  Hex            32%        N/A       98%         8
 Disjunction              Tloc           32%        N/A       98%         8
 Infestation              Necr           32%        N/A       98%         8
 Summon Horrible Things   Summ           32%        N/A       98%         8
 Animate Armour           Summ/Erth      Unusable   N/A       N/A         4

Dungeon Overview and Level Annotations

Branches:
Dungeon (15/15)            Temple (1/1) D:7            Lair (5/5) D:9
 Shoals (4/4) Lair:3       Spider (4/4) Lair:3        Slime (5/5) Lair:5
    Orc (2/2) D:11            Elf (3/3) Orc:2        Vaults (5/5) D:14
  Crypt (3/3) Vaults:3       Tomb (3/3) Crypt:3      Depths (4/4) D:15
   Hell (visited)             Dis (7/7) Hell            Geh (7/7) Hell
    Coc (7/7) Hell            Tar (7/7) Hell            Zot (5/5) Depths:4
  IceCv (visited)          WizLab (visited)

Altars:
Ashenzari
Cheibriados
Dithmenos
Elyvilon
Fedhas
Gozag
Hepliaklqana
Kikubaaqudgha
Makhleb
Nemelex Xobeh
Okawaru
Qazlal
Ru
Sif Muna
Trog
Uskayaw
Vehumet
Wu Jian
Xom
Yredelemnul
Zin
The Shining One
Jiyva
Lugonu

Shops:
D:1 [   D:6 *   D:11 :   D:13 ?[*:(   D:15 [   Orc:2 *!!?   Elf:1 *   Elf:3 (

Portals:
Hell: Depths:1 Depths:2 Depths:3 Depths:4
Abyss: Lair:5 Depths:2 Depths:3
Pandemonium: Depths:2

Annotations:
Spider:3 1 runed translucent door, bobfrom10's ghost, journeyman DgCj
Elf:2 5 runed translucent doors, Wiynotta's ghost, adept OpAE
Depths:4 1 runed translucent door
Zot:2 3 transporters
Zot:3 2 transporters


Innate Abilities, Weirdness & Mutations

You are a living statue of rough stone.
Your actions are slow, but your melee attacks are powerful.
You are resistant to unholy torment.
Your maximum health is greatly increased.
You cannot wear most types of armour.
You are amphibious.
You can wear up to eight rings at the same time.
You are immune to poison.
Your skin changes colour to match your surroundings (Stealth+).
((Your rubbery body absorbs attacks. (AC +1, EV +1)))
((You are camouflaged when in or above water. (Stealth+)))
You have tentacles for arms and can constrict up to eight enemies at once.
One of your tentacles bears a spike.
You are partially covered in large bone plates. (SH +4)
((You are covered in fur. (AC +1)))


Message History

Vehumet accepts your kill.
Aiming: Dig
Press: ? - help, Shift-Dir - straight line A rock wall.
This square is covered in magical glow.
The rock shatters into small pieces.
A blizzard demon comes into view.
The blizzard demon shouts!
Casting: Lehudib's Crystal Spear (mildly dangerous; 1% risk of failure)
Confirm with . or Enter, or press ? or * to list all spells.
Aiming: Fire Storm (mildly dangerous; 1% risk of failure)
Press: ? - help, Dir - move target, f - blizzard demon
Aim: a blizzard demon You feel a strong surge of power!
A raging storm of fire appears!
The great blast of fire engulfs the blizzard demon!!!!!
The blizzard demon is burned terribly!
You kill the blizzard demon!
Vehumet accepts your kill.
You feel your power returning.
A tormentor comes into view.
There is an open door here.
The tormentor calls on the powers of darkness!
Your body is wracked with pain!
The tormentor misses you. You block the tormentor's attack.
Casting: Fire Storm (mildly dangerous; 1% risk of failure)
Confirm with . or Enter, or press ? or * to list all spells.
Aiming: Lehudib's Crystal Spear (mildly dangerous; 1% risk of failure)
Press: ? - help, Shift-Dir - straight line, f - tormentor
Aim: a tormentor (83% to hit)
You feel a surge of power!
The crystal spear hits the tormentor!!!!
You kill the tormentor!
Vehumet accepts your kill.
You feel your power returning.
You start resting.
HP restored.
You start resting.
HP restored.
There is a staircase leading out of the dungeon here.
You have escaped!

#.#####.##......[....>.......#.#
#.# #.##.#........#.##.###....
#.# #.###############.#)##...#
#.# #####.............#####....#
#.###..........⌠..........####.#
###...⌠.^...............⌠...##.#
##........⌠.........⌠........##.
#........2....................##
#...⌠..........8..........⌠...#
#...................(.........#
##........⌠.........⌠........###
##...⌠.................⌠...##.#
###..........⌠..........####.#
##'##.............##'##.##.#
#..###############..#...#.#
#.........[...............#
#####..###.#.##..####...###


You could see a hellion.

Vanquished Creatures
  Cerebov (Pan)
  Antaeus (Coc:7)
  Asmodeus (Geh:7)
  the Royal Jelly (Slime:5)
  Gloorx Vloq (Pan)
  Lom Lobon (Pan)
  Mnoleg (Pan)
  the Serpent of Hell (Coc:7)
  15 dread liches
  Dispater (Dis:7)
  11 orbs of fire
  14 ancient liches
  Mennas (Depths:4)
  7 juggernauts
  16 pandemonium lords
  40 royal mummies
  Vv (Crypt:2)
  18 shard shrikes
  Frederick (Vaults:5)
  15 Killer Klowns
  Saint Roka (Vaults:1)
  21 caustic shrikes
  Geryon (Hell)
  Norris (Vaults:2)
  19 golden dragons
  A pearl dragon (Zig:18)
  5 profane servitors
  15 bone dragons
  Arachne (Spider:3)
  11 Tzitzimimeh
  7 doom hounds
  11 Brimstone Fiends
  2 spectral shard shrikes (Tar:1)
  29 iron giants
  4 electric golems
  9 hellephants
  Jorgrun (Elf:1)
  27 Hell Sentinels
  A walking crystal tome (Depths:3)
  20 Ice Fiends
  12 tainted leviathans
  21 tentacled monstrosities
  30 Orb Guardians
  12 liches
  Mlioglotl (Spider:3)
  10 deep elf blademasters
  20 acid blobs
  3 quicksilver dragons
  Grunn (Depths:3)
  6 deep elf master archers
  17 sphinxes
  32 searing wretches
  31 titans
  A sphinx (shapeshifter) (Zig:21)
  16 Executioners
  An eldritch tentacle (Pan)
  10 death cobs
  Polyphemus (Shoals:3)
  A kraken (Shoals:2)
  Frances (D:14)
  29 ancient champions
  5 tentacled starspawn
  A shadow dragon (shapeshifter) (Zig:15)
  11 storm dragons
  Donald (Spider:3)
  14 shadow dragons
  7 azure jellies
  Roxanne (Shoals:1)
  13 revenants
  6 draconian knights
  13 frost giants
  A daeva (Abyss:5)
  An azure jelly (shapeshifter) (Zig:15)
  7 tengu reavers
  10 quicksilver elementals
  6 demonspawn warmongers
  18 fire giants
  13 rockslimes
  17 iron dragons
  2 deep elf elementalists
  7 emperor scorpions
  4 nagarajas
  7 deep elf sorcerers
  13 narguns
  4 draconian monks
  A caustic shrike zombie (Tomb:1)
  34 balrugs
  Louise (D:15)
  14 ghost moths
  11 draconian shifters
  14 ghouls
  7 draconian scorchers
  A spectral juggernaut (Tar:1)
  6 draconian stormcallers
  21 orc warlords
  3 angels (Abyss:5)
  20 vault wardens
  3 spriggan defenders
  42 war gargoyles
  11 curse skulls
  43 very ugly things
  A spectral caustic shrike (Tar:4)
  7 shard shrike simulacra
  13 quicksilver oozes
  A quicksilver ooze (shapeshifter) (D:13)
  4 caustic shrike skeletons
  22 ironbound preservers
  37 stone giants
  15 draconian annihilators
  3 formless jellyfish (shapeshifter)
  A juggernaut zombie (Zig:26)
  7 demonspawn blood saints
  6 ironbound thunderhulks
  8 demonspawn corrupters
  16 reapers
  A juggernaut skeleton (Zig:26)
  3 broodmothers
  15 vampire knights
  20 elemental wellsprings
  5 formless jellyfish
  11 cacodemons
  14 black draconians
  4 deep elf demonologists
  11 putrid mouths
  A spectral titan (Tar:1)
  6 lorocyprocas
  10 demonspawn black suns
  4 orange crystal statues
  7 spark wasps
  3 dire elephants (shapeshifter)
  14 deep elf annihilators
  Azrael (D:14)
  17 green draconians
  12 yellow draconians
  9 purple draconians
  10 white draconians
  A halazid warlock (Hell)
  An acid blob zombie (Crypt:2)
  Snorg (D:10)
  7 red draconians
  6 green deaths
  19 blizzard demons
  9 crystal guardians
  14 wendigos
  8 merfolk impalers
  34 mummy priests
  23 ettins
  15 deep elf death magi
  17 eidola
  30 iron golems
  6 merfolk javelineers (Shoals:4)
  5 spectral spriggans
  A spectral iron giant (Geh:5)
  Josephine (D:15)
  13 jiangshi
  5 ice dragons
  33 vault guards
  A fire dragon (shapeshifter) (Vaults:5)
  7 fire dragons
  A shambling mangrove (Zig:8)
  15 yaktaur captains
  A spectral shadow dragon (Tar:1)
  3 deep elf high priests
  9 great orbs of eyes
  5 spriggan zombies
  13 entropy weavers
  12 hydras
  4 hell beasts
  5 caustic shrike simulacra
  4 ogre magi (Vaults:1)
  Erolcha (D:10)
  5 salamander tyrants
  9 juggernaut simulacra
  2 peacekeepers (Vaults:4)
  An alligator snapping turtle (Shoals:4)
  2 radroaches (Spider:1)
  7 ironbound frosthearts
  5 merfolk avatars
  2 rakshasas
  2 anacondas (Zig:10)
  2 radroaches (shapeshifter)
  2 jorogumos
  2 spriggan air magi
  A merfolk aquamancer (Shoals:4)
  3 catoblepae
  A death knight (D:12)
  2 death yaks (Shoals:3)
  A sphinx zombie (D:15)
  29 boulder beetles
  5 centaur warriors
  8 stokers
  16 dancing weapons
  18 vampire magi
  14 demonic crawlers
  2 naga warriors
  12 thrashing horrors
  91 death scarabs
  8 deep troll earth magi
  6 two-headed ogres
  A two-headed ogre (shapeshifter) (Zig:21)
  6 deep troll shamans
  2 satyrs (Shoals:4)
  3 tengu warriors
  17 hell hogs
  4 spectral nagas
  5 spriggan berserkers
  15 orc high priests
  2 shock serpents (Zig:10)
  A titan zombie (Crypt:2)
  2 shock serpents (shapeshifter)
  62 sun demons
  2 occultists (Depths:2)
  5 skysharks
  12 deep elf knights
  2 naga sharpshooters
  2 holy swine (Abyss:5)
  28 hell knights
  6 wretched stars
  Sonja (Lair:3)
  26 soul eaters
  10 crystal echidnas
  4 skysharks (shapeshifter)
  2 storm dragon zombies
  A titan skeleton (Zig:26)
  11 sixfirhies
  An iron troll (shapeshifter) (Zig:21)
  3 death drakes (shapeshifter)
  11 iron trolls
  A goliath frog (Depths:1)
  3 spatial maelstroms (Zig:18)
  21 shadow wraiths
  25 skeletal warriors
  6 pharaoh ants
  9 sea snakes
  A spectral anaconda (Geh:5)
  A bunyip zombie (Tomb:1)
  8 shadow demons
  A spectral bunyip (Tar:1)
  17 ironbound convokers
  9 glowing orange brains
  2 lindwurms
  A naga ritualist (Zig:4)
  45 deep trolls
  3 swamp dragons
  9 orb spiders
  8 arcanists
  3 quicksilver dragon simulacra
  A tengu zombie (Zig:26)
  16 flayed ghosts
  12 orc knights
  A spectral hydra (Tar:5)
  6 steelbarb worms
  3 bog bodies (Crypt:1)
  A fenstrider witch simulacrum (Coc:1)
  3 obsidian statues (Zig:9)
  10 deep elf archers
  39 deep elf pyromancers
  28 deep elf zephyrmancers
  15 phantasmal warriors
  8 harpies
  A shadow dragon skeleton (Zig:26)
  22 wolf spiders
  15 necromancers
  2 mana vipers (shapeshifter)
  6 shining eyes
  A frost giant zombie (Crypt:2)
  A stone giant zombie (Crypt:1)
  A fire giant zombie (Crypt:1)
  16 starcursed masses
  57 ugly things
  A manticore (shapeshifter) (Zig:15)
  11 manticores
  A will-o-the-wisp (Zig:8)
  2 tengu skeletons (Zig:26)
  2 worldbinders (Abyss:2)
  A spectral ettin (Tar:1)
  24 moths of wrath
  2 salamanders
  15 orc sorcerers
  A faun (Shoals:3)
  23 cyclopes
  A cyclops (shapeshifter) (Zig:21)
  A moth of wrath (shapeshifter) (Depths:1)
  16 elephants
  30 large abominations
  10 merfolk sirens
  A water nymph (shapeshifter) (Depths:4)
  A frost giant skeleton (Crypt:1)
  2 guardian serpents
  12 rust devils
  9 apocalypse crabs
  15 black mambas
  3 centaur zombies
  9 vault sentinels
  6 titan simulacra
  9 torpor snails
  6 water nymphs
  A dire elephant zombie (Crypt:2)
  An eye of devastation (shapeshifter) (Vaults:5)
  2 eyes of devastation
  18 smoke demons
  9 ice statues
  Maggie (D:7)
  15 hellions
  18 cane toads
  3 centaur skeletons (D:14)
  8 orange demons
  A storm dragon simulacrum (Coc:1)
  2 unseen horrors
  8 gargoyles
  An unseen horror (shapeshifter) (D:13)
  5 rime drakes
  8 ice devils
  16 komodo dragons
  40 yaktaurs
  3 kobold demonologists
  2 komodo dragons (shapeshifter)
  3 bunyip simulacra
  The ghost of Ozzieoiler the Cudgeller, a novice GrFi of Makhleb (D:4)
  10 efreet
  106 guardian mummies
  16 tormentors
  4 anaconda simulacra
  6 iron giant simulacra
  3 silent spectres
  6 red devils
  A catoblepas skeleton (Crypt:1)
  5 ancient zymes
  A queen bee (shapeshifter) (D:12)
  A purple draconian skeleton (Crypt:1)
  8 trolls
  10 freezing wraiths
  18 hellwings
  A golden dragon simulacrum (Coc:3)
  A bloated husk (Zig:8)
  A merfolk (shapeshifter) (Depths:4)
  2 meliai (shapeshifter)
  3 meliai (D:14)
  3 polar bears
  20 tarantellas
  3 harpy zombies
  5 hornets
  A mana viper skeleton (Crypt:3)
  5 tyrant leeches
  6 wind drakes
  4 raiju
  A death drake skeleton (Crypt:1)
  30 merfolk
  7 glass eyes
  35 blink frogs
  2 iron dragon simulacra (Coc:7)
  A meliai zombie (Crypt:3)
  5 harpy skeletons
  2 tarantellas (shapeshifter)
  A raiju (shapeshifter) (Lair:5)
  7 dream sheep
  119 slime creatures
  15 snapping turtles
  A centaur simulacrum (Coc:1)
  20 jumping spiders
  A black mamba zombie (Crypt:2)
  43 flying skulls
  5 dire elephant simulacra
  2 fire dragon skeletons (Crypt:1)
  12 culicivoras
  18 shadows
  5 spriggan skeletons
  23 ynoxinuls
  3 spriggans
  4 wyverns
  9 wraiths
  33 ushabtiu
  A fire bat (shapeshifter) (Depths:2)
  11 water elementals
  5 air elementals
  7 fire elementals
  42 yaks
  3 alligator snapping turtle simulacra
  A wind drake zombie (Crypt:2)
  A black mamba skeleton (Crypt:1)
  16 neqoxecs
  18 golden eyes
  9 basilisks
  A human (shapeshifter) (D:15)
  Edmund (D:6)
  12 chaos spawn
  A swamp worm (shapeshifter) (Zig:21)
  2 steam dragons
  35 redbacks
  3 wargs
  13 harpy simulacra
  6 vampire mosquitoes
  2 nagas
  2 spatial vortices (Abyss:2)
  A deep troll zombie (Crypt:1)
  A merfolk zombie (Crypt:2)
  A cane toad zombie (Crypt:1)
  22 water moccasins
  3 hydra simulacra
  4 acid dragons
  12 hell hounds
  A water nymph skeleton (Crypt:3)
  2 naga skeletons
  A deep troll skeleton (Crypt:2)
  A sky beast (D:8)
  44 orc warriors
  2 glowing shapeshifter skeletons (Zig:26)
  A swamp drake (Lair:4)
  2 ice beasts
  A fire dragon simulacrum (Hell)
  2 ettin simulacra
  19 ogres
  10 wolves
  3 boggarts
  15 centaurs
  6 kobold brigands
  A phantom (Depths:1)
  A rime drake zombie (Crypt:1)
  13 bullfrogs
  2 gnoll sergeants (D:11)
  3 necrophages
  14 earth elementals
  7 scorpions
  A demonspawn simulacrum (Hell)
  2 cane toad simulacra
  4 two-headed ogre simulacra (Orc:1)
  17 wights
  2 elephant simulacra
  7 howler monkeys
  A polar bear skeleton (Crypt:1)
  4 electric eels
  5 crimson imps (Pan)
  A wolf skeleton (Crypt:1)
  3 jellies
  2 human zombies
  19 orc priests
  5 hounds
  3 gnoll boudas
  An iguana (D:5)
  A human skeleton (Crypt:1)
  3 sleepcaps
  2 boggart zombies (Crypt:3)
  25 orc wizards
  A troll simulacrum (Orc:1)
  A hell rat (Depths:1)
  5 spriggan simulacra
  15 small abominations
  A deep dwarf zombie (Crypt:3)
  2 ogre skeletons (Crypt:2)
  A boggart simulacrum (D:15)
  100 mummies
  17 gnolls
  6 adders
  A river rat (Lair:1)
  4 white imps
  4 ufetubi
  A worm (D:8)
  2 dart slugs (D:4)
  66 orcs
  8 ball pythons
  5 bats
  An endoplasm (shapeshifter) (Vaults:5)
  6 endoplasms
  8 giant cockroaches
  6 goblins
  7 hobgoblins
  3 jackals (D:1)
  20 kobolds
  3 quokkas
  A river rat zombie (Crypt:2)
  6 frilled lizards
  A rat (D:1)
  A spectral orc (D:10)
  9 creeping infernos
  A fire vortex (Geh:6)
  A lurking horror (Abyss:2)
  4 tentacles (Shoals:2)
4444 creatures vanquished.

Vanquished Creatures (collateral kills)
  A juggernaut (Zig:27)
  A royal mummy (Tomb:3)
  A pandemonium lord (Zig:9)
  Jory (Crypt:2)
  A profane servitor (Zig:18)
  A titan (Zig:27)
  2 ancient champions
  A storm dragon (Zot:4)
  A revenant (Zig:20)
  A fire giant (Depths:2)
  2 frost giants (Vaults:5)
  An iron dragon (Depths:2)
  A draconian annihilator (Zot:4)
  3 very ugly things
  A ghoul (Crypt:2)
  A stone giant (Depths:1)
  A demonspawn corrupter (Pan)
  2 ironbound preservers (Vaults:5)
  A black draconian (Depths:4)
  A red draconian (Zig:17)
  A mummy priest (Zig:26)
  A jiangshi (Crypt:1)
  A spriggan zombie (Crypt:2)
  A vampire mage (Zig:20)
  A skeletal warrior (Crypt:3)
  A flayed ghost (Crypt:3)
  2 ugly things
  3 slime creatures
  A vault sentinel (Vaults:5)
  An ice statue (Zig:18)
  A torpor snail (Zig:24)
  A naga zombie (Crypt:1)
  An eye of devastation (Pan)
  A yaktaur (Vaults:5)
  3 guardian mummies
  A shadow dragon simulacrum (Zig:26)
  An ice dragon zombie (Crypt:1)
  2 flying skulls
  A ynoxinul (Pan)
  A chaos spawn (Zig:15)
  3 harpy simulacra
  A swamp dragon skeleton (Crypt:1)
  2 starcursed masses (Zig:18)
  20 mummies
  A quokka skeleton (Crypt:1)
78 creatures vanquished.

Vanquished Creatures (others)
  3 pandemonium lords (Zig:21)
  A Killer Klown (Zig:21)
  A thorn hunter (Zig:8)
  An azure jelly (shapeshifter) (Zig:21)
  A very ugly thing (Zig:21)
  2 white draconians
  A shambling mangrove (Zig:8)
  A radroach (shapeshifter) (Zig:21)
  A fire crab (shapeshifter) (Zig:21)
  An apocalypse crab (Zig:21)
  A hornet (Zig:8)
  A bloated husk (Zig:8)
  4 chaos spawn (Zig:21)
  2 orc wizards (Orc:2)
  1198 fire vortices
  63 foxfires
  6 starspawn tentacles
1288 creatures vanquished.

Grand Total: 5810 creatures vanquished

Notes
Turn   | Place    | Note
-------+----------+-------------------------------------------
     0 | D:1      | PurpleRed the Octopode Wanderer began the quest for the
                  | Orb.
     0 | D:1      | PurpleRed set off with the following items: a +2 mace, a +0
                  | hat, a potion of haste; and the following spell memorised:
                  | Sting; and the following spells available to memorise:
                  | Ignite Poison.
     0 | D:1      | Reached XP level 1. HP: 13/13 MP: 2/2
   177 | D:1      | Reached XP level 2. HP: 18/18 MP: 1/4
   221 | D:1      | Found Uxator's Armour Boutique.
   431 | D:1      | Found a faded altar of an unknown god.
   715 | D:1      | Got the Incunable of the Geometric Swarm
   911 | D:2      | Reached XP level 3. HP: 23/23 MP: 4/6
   916 | D:2      | Learned a level 3 spell: Stone Arrow
   965 | D:2      | Found a stormy altar of Qazlal.
  1103 | D:2      | Reached skill level 1 in Earth Magic
  1276 | D:2      | Noticed a scorpion
  1281 | D:2      | Reached skill level 1 in Conjurations
  1281 | D:2      | Reached XP level 4. HP: 11/28 MP: 4/8
  1902 | D:3      | Found an ornate altar of the Wu Jian Council.
  2148 | D:3      | Identified the +5 mace "Killer Bee's Curse" {heavy, MP+9}
  2303 | D:3      | Found an iron altar of Okawaru.
  2542 | D:4      | Reached XP level 5. HP: 33/33 MP: 9/9
  2731 | D:4      | Found a shadowy altar of Dithmenos.
  2856 | D:4      | Found a basalt altar of Yredelemnul.
  2858 | D:4      | Found a broken altar of Ashenzari.
  2859 | D:4      | Found an ancient bone altar of Kikubaaqudgha.
  2894 | D:4      | Found a large runed translucent door.
  2894 | D:4      | Found a large runed translucent door.
  2896 | D:4      | Noticed Ozzieoiler's ghost (novice GrFi)
  2985 | D:4      | Learned a level 1 spell: Kiss of Death
  3102 | D:4      | Reached XP level 6. HP: 38/38 MP: 11/11
  3302 | D:4      | Found a sacrificial altar of Ru.
  3614 | D:4      | Found a stormy altar of Qazlal.
  3738 | D:2      | Reached XP level 7. HP: 43/43 MP: 12/12
  3777 | D:5      | Entered Level 5 of the Dungeon
  3955 | D:5      | Found a white marble altar of Elyvilon.
  4381 | D:5      | Reached skill level 5 in Conjurations
  4503 | D:6      | Noticed a steam dragon
  4586 | D:6      | Reached XP level 8. HP: 45/48 MP: 15/15
  4685 | D:5      | Reached skill level 5 in Spellcasting
  4790 | D:6      | Noticed Edmund
  4804 | D:6      | Killed Edmund
  5237 | D:6      | Reached XP level 9. HP: 53/53 MP: 17/17
  5437 | D:6      | Found Var Zefut's Fire Supplies.
  5613 | D:7      | Found a staircase to the Ecumenical Temple.
  5623 | Temple   | Entered the Ecumenical Temple
  5644 | Temple   | Became a worshipper of Vehumet
  5855 | D:7      | Noticed Maggie
  5961 | D:7      | Reached skill level 1 in Fire Magic
  6149 | D:7      | Killed Maggie
  6315 | D:8      | Reached * piety under Vehumet
  6315 | D:8      | Offered knowledge of Foxfire by Vehumet.
  6320 | D:8      | Learned a level 1 spell: Foxfire
  6440 | D:8      | Reached skill level 1 in Shields
  6483 | D:8      | Found a snail-covered altar of Cheibriados.
  6612 | D:8      | Reached XP level 10. HP: 55/63 MP: 20/20
  6612 | D:8      | Noticed a kobold demonologist
  6617 | D:8      | Killed a kobold demonologist
  6642 | D:8      | Found a glowing golden altar of the Shining One.
  6677 | D:8      | Found a sparkling altar of Nemelex Xobeh.
  6824 | D:8      | Learned a level 4 spell: Olgreb's Toxic Radiance
  6984 | D:8      | Found a blossoming altar of Fedhas.
  7011 | D:8      | Found a burning altar of Makhleb.
  7113 | D:9      | Identified a scroll of acquirement
  7113 | D:9      | Identified the "Muvoxzea" (You acquired it on level 9 of
                  | the Dungeon)
  7173 | D:6      | Acquired 798 gold pieces
  7175 | D:6      | Bought the Guide on the Tropics for 810 gold pieces
  7181 | D:6      | Learned a level 5 spell: Fireball
  7181 | D:6      | Bought a +1 buckler of fire resistance for 247 gold pieces
  7326 | D:9      | Found a staircase to the Lair.
  7329 | D:9      | Identified the +1 robe of Iquaffac {rF- rC+ Dex+4 Archmagi}
  7407 | D:9      | Offered knowledge of Momentum Strike by Vehumet.
  7438 | D:9      | Identified the +5 chain mail of Gallantry {+Inv rPois rN++
                  | Will-}
  7455 | D:9      | Reached ** piety under Vehumet
  7969 | D:9      | Identified the +9 mace "Hydraslayer" {speed, Fragile rF+
                  | rN+}
  8001 | D:9      | Reached skill level 10 in Conjurations
  8344 | D:10     | Identified the of Weklemid
  8344 | D:10     | Entered Level 10 of the Dungeon
  8388 | D:10     | Reached skill level 5 in Fire Magic
  8399 | D:10     | Noticed a two-headed ogre
  8403 | D:10     | Killed a two-headed ogre
  8536 | D:10     | Noticed Snorg
  8546 | D:10     | Killed Snorg
  8547 | D:10     | Reached XP level 11. HP: 67/67 MP: 6/23
  8679 | D:10     | Noticed a boulder beetle
  8684 | D:10     | Killed a boulder beetle
  8894 | D:10     | Found a glowing silver altar of Zin.
  8947 | D:10     | Offered knowledge of Inner Flame by Vehumet.
  9132 | D:10     | Found a hazy altar of Hepliaklqana.
  9377 | D:10     | Noticed Erolcha
  9416 | D:11     | Reached *** piety under Vehumet
  9516 | D:11     | Noticed a two-headed ogre
  9522 | D:11     | Killed a two-headed ogre
  9764 | D:11     | Found a staircase to the Orcish Mines.
  9799 | D:11     | Offered knowledge of Iskenderun's Mystic Blast by Vehumet.
  9812 | D:11     | Learned a level 4 spell: Iskenderun's Mystic Blast
  9890 | D:11     | Found Kipipt's Book Shoppe.
  9914 | D:10     | Identified the +7 morningstar of Irucousu {vamp, Fly rElec
                  | Str+4 Int+3}
 10173 | Lair:1   | Entered Level 1 of the Lair of Beasts
 10380 | Lair:1   | You fall into a shaft and drop 1 floor!
 10387 | Lair:2   | Reached XP level 12. HP: 74/74 MP: 16/24
 10735 | Lair:1   | Reached skill level 10 in Fire Magic
 11867 | Lair:2   | Reached **** piety under Vehumet
 11922 | Lair:2   | Noticed a four-headed hydra
 11931 | Lair:2   | Killed a four-headed hydra
 11938 | Lair:2   | Reached skill level 5 in Fighting
 11960 | Lair:2   | Offered knowledge of Volatile Blastmotes by Vehumet.
 12164 | Lair:2   | Reached skill level 10 in Spellcasting
 12760 | Lair:3   | Reached XP level 13. HP: 81/81 MP: 27/27
 12845 | Lair:3   | Noticed Sonja
 12895 | Lair:3   | Reached skill level 5 in Shields
 12969 | Lair:3   | Found a hole to the Spider Nest.
 13112 | Lair:3   | Found a staircase to the Shoals.
 13173 | Lair:3   | Reached ***** piety under Vehumet
 13178 | Lair:3   | Offered knowledge of Ozocubu's Refrigeration by Vehumet.
 13216 | Lair:3   | Killed Sonja
 13506 | Lair:3   | Found a runed translucent door.
 13972 | Lair:3   | Learned a level 8 spell: Ignition
 14110 | Lair:4   | Reached XP level 14. HP: 88/88 MP: 24/29
 14464 | Lair:4   | Offered knowledge of Plasma Beam by Vehumet.
 14850 | Lair:5   | Entered Level 5 of the Lair of Beasts
 15443 | Lair:5   | Found a one-way gate to the infinite horrors of the Abyss.
 15816 | Lair:5   | Offered knowledge of Conjure Ball Lightning by Vehumet.
 15934 | Lair:5   | Identified the staff "Qoxiefo" {+Blink rElec rC+ Int+3 Air}
 16047 | Lair:5   | Found a runed translucent door.
 16047 | Lair:5   | Found a staircase to the Slime Pits.
 16544 | Lair:5   | Reached skill level 15 in Fire Magic
 16632 | Lair:5   | Found a corrupted altar of Lugonu.
 17159 | D:12     | Reached XP level 15. HP: 94/94 MP: 19/31
 17216 | D:12     | You fall into a shaft and drop 3 floors!
 17216 | D:15     | Entered Level 15 of the Dungeon
 17698 | D:15     | Found Xypoak's Armour Shop.
 17722 | D:15     | Noticed Josephine
 17725 | D:15     | Killed Josephine
 18033 | D:13     | Found Enuvvyopn's Magic Scroll Shop.
 18050 | D:13     | Bought a scroll of blinking for 112 gold pieces
 18050 | D:13     | Bought a scroll of identify for 30 gold pieces
 18254 | D:13     | Found Mozaz's Book Boutique.
 18395 | D:13     | Found Rocvyoju's Antique Armour Shop.
 18489 | D:13     | Identified the +1 dagger of Bile {spect, rF++ rC+ Int-3
                  | Stlth+}
 18784 | D:13     | Found Bojausopn's Antique Weapon Boutique.
 18839 | D:13     | Found Luadgh's Assorted Antiques.
 19342 | D:12     | Offered knowledge of Bombard by Vehumet.
 19363 | D:12     | Learned a level 6 spell: Bombard
 19787 | D:12     | Noticed a fire giant
 19812 | D:12     | Killed a fire giant
 20495 | D:14     | Noticed Frances
 20501 | D:14     | Killed Frances
 20649 | D:14     | Reached XP level 16. HP: 101/101 MP: 26/32
 20933 | D:14     | Found a gate to the Vaults.
 20998 | D:14     | Reached ****** piety under Vehumet
 21167 | D:14     | Offered knowledge of Lee's Rapid Deconstruction by Vehumet.
 21228 | D:14     | Noticed Azrael
 21397 | D:14     | Killed Azrael
 22063 | D:15     | Noticed Louise
 22063 | D:15     | Found a stormy altar of Qazlal.
 22166 | D:15     | Found a staircase to the Depths.
 22289 | D:15     | Reached skill level 15 in Conjurations
 22886 | D:4      | Killed Ozzieoiler's ghost
 23064 | Orc:1    | Entered Level 1 of the Orcish Mines
 23160 | Orc:2    | Entered Level 2 of the Orcish Mines
 23246 | Orc:1    | Found a frozen archway.
 23249 | Orc:1    | You fall into a shaft and drop 1 floor!
 23251 | Orc:2    | Found a staircase to the Elven Halls.
 23315 | IceCv    | Entered an ice cave
 23320 | IceCv    | Found a transporter.
 23337 | IceCv    | Found a transporter.
 23352 | IceCv    | Identified the +3 leather armour of the Locust {Contam rC+
                  | rCorr Str+4}
 23793 | Orc:2    | Offered knowledge of Iskenderun's Battlesphere by Vehumet.
 24199 | Orc:2    | Found Agronk's Distillery.
 24199 | Orc:2    | Found Uwnul's Magic Scroll Shop.
 24201 | Orc:2    | Found Fan Wis's General Store.
 24201 | Orc:2    | Found Gudil's Distillery.
 24207 | Orc:2    | Bought a potion of degeneration for 11 gold pieces
 24209 | Orc:2    | Bought a scroll of fog for 56 gold pieces
 24212 | Orc:2    | Bought a scroll of revelation for 90 gold pieces
 24217 | Orc:2    | Bought a potion of enlightenment for 55 gold pieces
 24219 | Orc:2    | Bought a potion of mutation for 88 gold pieces
 24222 | Orc:2    | Bought a potion of cancellation for 136 gold pieces
 24368 | Shoals:4 | Identified the "Anotar Pew"
 24368 | Crypt:3  | Identified the "Resotihe"
 24368 | Depths:2 | Identified the "Wupua"
 24368 | Elf:1    | Entered Level 1 of the Elven Halls
 24672 | Elf:1    | Noticed Jorgrun
 24677 | Elf:1    | Killed Jorgrun
 24678 | Elf:1    | Reached XP level 17. HP: 66/108 MP: 26/35
 24871 | Elf:1    | Offered knowledge of Orb of Destruction by Vehumet.
 24883 | Elf:1    | Learned a level 7 spell: Orb of Destruction
 25013 | Elf:1    | Found Wedad's General Store.
 25046 | Abyss:2  | Cast into level 2 of the Abyss (a deep elf sorcerer)
 25243 | Abyss:2  | Noticed a tentacled starspawn
 25256 | Abyss:2  | Killed a tentacled starspawn
 25351 | Abyss:2  | Noticed a tentacled starspawn
 25370 | Abyss:2  | Killed a tentacled starspawn
 25386 | Abyss:2  | Found a corrupted altar of Lugonu.
 25503 | Abyss:2  | Reached skill level 15 in Spellcasting
 25527 | Abyss:2  | Found a corrupted altar of Lugonu.
 25606 | Elf:1    | Escaped the Abyss
 26699 | Elf:2    | Found a large runed translucent door.
 26699 | Elf:2    | Found a large runed translucent door.
 26702 | Elf:2    | Noticed Wiynotta's ghost (adept OpAE)
 26936 | Elf:2    | Found a runed translucent gate.
 26936 | Elf:2    | Found a runed translucent gate.
 26936 | Elf:2    | Found a runed translucent gate.
 27198 | Elf:3    | Entered Level 3 of the Elven Halls
 27204 | Elf:3    | Offered knowledge of Shatter by Vehumet.
 27204 | Elf:3    | Offered knowledge of Chain Lightning by Vehumet.
 27239 | Elf:3    | Found Joidd's Weapon Boutique.
 27420 | Elf:3    | Noticed a deep elf master archer
 27420 | Elf:3    | Noticed a deep elf blademaster
 27843 | Elf:3    | Noticed a deep elf blademaster
 27847 | Elf:3    | Killed a deep elf blademaster
 27848 | Elf:3    | Reached XP level 18. HP: 117/117 MP: 14/37
 27905 | Elf:3    | Noticed a deep elf blademaster
 27907 | Elf:3    | Killed a deep elf blademaster
 27909 | Elf:3    | Killed a deep elf blademaster
 27952 | Elf:3    | Identified the +2 mace of Action {pain, rPois Stlth+}
 27987 | Elf:3    | Noticed a deep elf master archer
 27988 | Elf:3    | Killed a deep elf master archer
 28034 | Elf:3    | Noticed a deep elf master archer
 28046 | Elf:3    | Killed a deep elf master archer
 28095 | Elf:3    | Killed a deep elf master archer
 28354 | Elf:3    | Identified the staff "Uxkufoug" {rN+ Stlth+ Necro}
 28404 | Elf:3    | Noticed a deep elf blademaster
 28406 | Elf:3    | Killed a deep elf blademaster
 28412 | Elf:3    | Identified the ring "Baeh" {Int+6 Stlth+}
 28451 | Elf:3    | Identified the +1 robe "Vielo" {rN+ Int+3}
 28458 | Elf:3    | Identified the amulet "Voty" {RegenMP rElec}
 28474 | Elf:3    | Identified the staff of Judgement {rF++ rC+ MP+9 Ice}
 28503 | Elf:3    | Identified the +1 fire dragon scales "Dueqi" {Rampage Drain
                  | rF++ rC- Will- Int+3 Dex+6}
 28535 | Elf:3    | Identified the +7 battleaxe "Zinolu Tauj" {venom, Fly rPois
                  | SInv}
 28546 | Elf:3    | Identified the +1 ring mail of Grace {-Cast Rampage rC+
                  | rCorr}
 28554 | Elf:3    | Identified the +11 trident of Ehied {freeze, rF+}
 28595 | Elf:3    | Learned a level 9 spell: Fire Storm
 28901 | Spider:1 | Entered Level 1 of the Spider Nest
 29938 | Spider:2 | Learned a level 2 spell: Blink
 30061 | Spider:2 | Reached skill level 10 in Fighting
 30415 | Spider:3 | Noticed Arachne
 30423 | Spider:3 | Killed Arachne
 30588 | Spider:3 | Noticed Mlioglotl
 30628 | Spider:3 | Killed Mlioglotl
 30629 | Spider:3 | Reached skill level 5 in Dodging
 30761 | Spider:3 | Reached XP level 19. HP: 127/127 MP: 35/40
 30833 | Spider:3 | Found a runed translucent door.
 30833 | Spider:3 | Noticed bobfrom10's ghost (journeyman DgCj)
 31158 | Spider:3 | Noticed Donald
 31160 | Spider:3 | Killed Donald
 31434 | Spider:4 | Entered Level 4 of the Spider Nest
 32568 | Spider:4 | Got a gossamer rune of Zot
 32714 | Shoals:1 | Entered Level 1 of the Shoals
 32714 | Shoals:1 | Noticed Roxanne
 32723 | Shoals:1 | Killed Roxanne
 33483 | Shoals:2 | Learned a level 1 spell: Apportation
 34780 | Shoals:3 | Noticed Polyphemus
 34785 | Shoals:3 | Killed Polyphemus
 35145 | Shoals:3 | Found a hazy altar of Hepliaklqana.
 35307 | Shoals:4 | Entered Level 4 of the Shoals
 35503 | Shoals:4 | Reached XP level 20. HP: 141/141 MP: 42/42
 35736 | Shoals:4 | Got a barnacled rune of Zot
 36615 | D:10     | Killed Erolcha
 36952 | D:15     | Killed Louise
 37073 | Vaults:1 | Entered Level 1 of the Vaults
 37555 | Vaults:1 | Found a transporter.
 37556 | Vaults:1 | Found a radiant altar of Vehumet.
 37580 | Vaults:1 | Noticed Saint Roka
 37583 | Vaults:1 | Killed Saint Roka
 37750 | Vaults:1 | Found a transporter.
 37763 | Vaults:1 | Identified the ring "Ymishiol" {Fly rElec rC++ Str+3}
 38573 | Vaults:1 | Identified the staff "Tovok" {*Corrode rN+ MP+9 SInv Conj}
 38654 | Vaults:2 | You are sucked into a shaft and drop 1 floor!
 38818 | Vaults:3 | Found a staircase to the Crypt.
 38818 | Vaults:3 | Found a basalt altar of Yredelemnul.
 38819 | Vaults:3 | Found an ancient bone altar of Kikubaaqudgha.
 39535 | Vaults:2 | Noticed Norris
 39538 | Vaults:2 | Killed Norris
 39539 | Vaults:2 | Reached XP level 21. HP: 148/148 MP: 44/44
 41543 | Vaults:4 | Reached skill level 15 in Fighting
 42141 | Vaults:5 | Entered Level 5 of the Vaults
 42143 | Vaults:5 | Reached XP level 22. HP: 157/157 MP: 46/46
 42149 | Vaults:5 | Noticed a golden dragon
 42151 | Vaults:5 | Killed a golden dragon
 42190 | Vaults:5 | Identified the ring of Gunaobo {rF+ Int+2}
 42204 | Vaults:5 | Noticed an ancient lich
 42205 | Vaults:5 | Killed an ancient lich
 42253 | Vaults:5 | Noticed an ancient lich
 42256 | Vaults:5 | Killed an ancient lich
 42358 | Vaults:5 | Reached skill level 1 in Shapeshifting
 42405 | Vaults:5 | Noticed Frederick
 42407 | Vaults:5 | Killed Frederick
 42487 | Vaults:5 | Identified the +10 short sword of Oreavud {flame, Drain
                  | Will+ Str+3}
 42496 | Vaults:5 | Identified the +0 scale mail of Geatut {rF- rCorr Int+2
                  | Dex+3}
 42768 | Vaults:5 | Identified the +5 glaive of Severance {freeze, Int+9 Dex-5}
 42768 | Vaults:5 | Identified the amulet "Onleckoi" {Faith Str+2}
 42831 | Vaults:5 | Reached XP level 23. HP: 138/162 MP: 47/47
 42889 | Vaults:5 | Noticed an ancient lich
 42892 | Vaults:5 | Killed an ancient lich
 42921 | Vaults:5 | Identified the ring of Eriv {rF- Int+3 Dex+6 SInv Stlth+}
 42934 | Vaults:5 | Identified the +5 scale mail "Asiaxaedgh" {rN+}
 43029 | Vaults:5 | Identified the +8 long sword of Infinity {venom, rC+}
 43038 | Vaults:5 | Noticed a golden dragon
 43042 | Vaults:5 | Killed a golden dragon
 43043 | Vaults:5 | Reached skill level 5 in Shapeshifting
 43249 | Vaults:5 | Got a silver rune of Zot
 43671 | Crypt:1  | Entered Level 1 of the Crypt
 43892 | Crypt:1  | You are sucked into a shaft and drop 1 floor!
 43911 | Crypt:2  | Noticed Vv
 43917 | Crypt:2  | Killed Vv
 43988 | Crypt:2  | Found a magical portal.
 44022 | WizLab   | Entered Wucad Mu's Monastery
 44118 | WizLab   | Found the crystal ball of Wucad Mu {*channel}
 44211 | WizLab   | Reached XP level 24. HP: 169/169 MP: 48/48
 44787 | Crypt:1  | Reached skill level 10 in Shapeshifting
 45147 | Crypt:2  | Noticed Jory
 45149 | Crypt:2  | Killed Jory
 45380 | Crypt:2  | Found an ancient bone altar of Kikubaaqudgha.
 45538 | Crypt:3  | Entered Level 3 of the Crypt
 45746 | Crypt:3  | Reached XP level 25. HP: 174/174 MP: 48/48
 46192 | Crypt:3  | Identified the ring "Lifomunlu" {rN+ Will+}
 46367 | Crypt:3  | Found a basalt altar of Yredelemnul.
 46476 | Crypt:3  | Noticed a royal mummy
 46481 | Crypt:3  | Killed a royal mummy
 46631 | Crypt:3  | Identified the ring "Veinn" {rF++ rN+ Int+3}
 46717 | Crypt:3  | Identified the +10 orcbow "Xenkom" {elec, rC- rN+ rCorr
                  | Dex+3}
 46720 | Crypt:3  | Identified the +6 mace "Undertaker" {freeze, Str+3}
 46743 | Crypt:3  | Identified the ring "Qiaz" {rPois rN+}
 47707 | Crypt:3  | Found a staircase to the Tomb.
 48177 | Zot:2    | Identified the "Jodol"
 48177 | Zot:2    | Identified the "Wihinwal"
 48177 | Slime:1  | Entered Level 1 of the Pits of Slime
 48995 | Slime:3  | Found a viscous altar of Jiyva.
 49306 | Slime:4  | Reached skill level 15 in Shapeshifting
 49731 | Slime:5  | Identified the of Hofirch
 49731 | Slime:5  | Entered Level 5 of the Pits of Slime
 49746 | Slime:5  | Noticed the Royal Jelly
 49750 | Slime:5  | Killed the Royal Jelly
 49964 | Slime:5  | Found the +4 robe of Folly {Brill Will-∞ Int+8}
 50004 | Slime:5  | Identified the +5 shortbow "Elujac" {speed, Int+2}
 50026 | Slime:5  | Identified the +4 hand axe of Ghostly Integrity {flame,
                  | *Rage Drain rN+++ rCorr}
 50029 | Slime:5  | Identified the ring of Xom's Attic {rN++ rCorr Str+3 Int-2}
 50062 | Slime:5  | Got a slimy rune of Zot
 50093 | Slime:5  | Identified the ring of Temptation {rF+ rN+ AC+4 Str+5
                  | Int-2}
 50105 | Slime:5  | Identified the amulet "Qutweg" {RegenMP rElec}
 50149 | Slime:5  | Identified the +3 leather armour of Cimuol {rF+ Will+
                  | Int+3}
 50720 | Depths:1 | Entered Level 1 of the Depths
 50944 | Depths:1 | Found a runed translucent gate.
 50945 | Depths:1 | Found a runed translucent gate.
 50946 | Depths:1 | Found a runed translucent gate.
 50972 | Depths:1 | Acquired a +1 kite shield of resistance
 51413 | Depths:1 | Found a gateway to Hell.
 51513 | Depths:2 | Reached XP level 26. HP: 183/183 MP: 48/48
 52065 | Depths:2 | Found a one-way gate leading to the halls of Pandemonium.
 52115 | Depths:2 | Found a sparkling altar of Nemelex Xobeh.
 52482 | Depths:3 | Found a one-way gateway to a ziggurat.
 52486 | Depths:3 | Noticed Grunn
 52489 | Depths:3 | Killed Grunn
 52541 | Depths:3 | Learned a level 9 spell: Chain Lightning
 52631 | Depths:3 | Reached skill level 1 in Air Magic
 52696 | Depths:3 | You are sucked into a shaft and drop 1 floor!
 52696 | Depths:4 | Entered Level 4 of the Depths
 52943 | Depths:3 | Found a burning altar of Makhleb.
 53000 | Depths:3 | Reached skill level 5 in Air Magic
 53219 | Depths:3 | Found a runed translucent door.
 53243 | Depths:3 | Found a runed translucent door.
 53247 | Depths:3 | Identified the +7 great mace "Orie" {freeze, Drain rCorr
                  | Int+6}
 53251 | Depths:3 | Identified the staff of Propriety {Str+4 Earth}
 53285 | Depths:3 | Reached XP level 27. HP: 189/189 MP: 50/50
 53360 | Depths:4 | Noticed Mennas
 53361 | Depths:4 | Killed Mennas
 53900 | Depths:4 | Found a runed translucent door.
 53929 | Depths:4 | Found a runed translucent door.
 53938 | Depths:4 | Found a runed translucent door.
 53943 | Depths:4 | Found a runed translucent door.
 53955 | Depths:4 | Found a runed translucent door.
 53958 | Depths:4 | Found a runed translucent door.
 54015 | Depths:4 | Found a gate to the Realm of Zot.
 54898 | Zot:1    | Entered Level 1 of the Realm of Zot
 54946 | Zot:1    | Reached skill level 10 in Air Magic
 56006 | Zot:2    | Found a transporter.
 56006 | Zot:2    | Found a transporter.
 56008 | Zot:2    | Found a transporter.
 56008 | Zot:2    | Found a transporter.
 56305 | Zot:2    | Noticed an orb of fire
 56309 | Zot:2    | Gained mutation: You are frail. (-10% HP) [an orb of fire]
 56312 | Zot:2    | Gained mutation: Your spells are a little easier to cast,
                  | but a little less powerful. [an orb of fire]
 56314 | Zot:2    | Killed an orb of fire
 56656 | Zot:3    | Noticed an orb of fire
 56661 | Zot:3    | Killed an orb of fire
 56754 | Zot:3    | Noticed an orb of fire
 56826 | Zot:3    | Noticed an orb of fire
 56850 | Zot:3    | Found a transporter.
 56853 | Zot:3    | Identified the ring of Geames {rPois Int+4}
 56855 | Zot:3    | Noticed an orb of fire
 56873 | Zot:3    | Found a transporter.
 57466 | Zot:4    | Noticed an ancient lich
 57470 | Zot:4    | Killed an ancient lich
 57721 | Zot:4    | Reached skill level 15 in Air Magic
 58403 | Zot:5    | Entered Level 5 of the Realm of Zot
 58424 | Zot:5    | Noticed an orb of fire
 58429 | Zot:5    | Noticed an orb of fire
 58429 | Zot:5    | Noticed an orb of fire
 58569 | Zot:5    | Noticed a dread lich
 58678 | Zot:5    | Noticed a dread lich
 58680 | Zot:5    | Killed a dread lich
 58688 | Zot:5    | Killed a dread lich
 58688 | Zot:5    | Killed an orb of fire
 58689 | Zot:5    | Gained mutation: Your body sometimes deteriorates upon
                  | taking damage. [an orb of fire]
 58717 | Zot:4    | Lost mutation: Your spells are a little easier to cast, but
                  | a little less powerful. [potion of mutation]
 58717 | Zot:4    | Lost mutation: Your body sometimes deteriorates upon taking
                  | damage. [potion of mutation]
 58717 | Zot:4    | Gained mutation: You are very frail. (-20% HP) [potion of
                  | mutation]
 58717 | Zot:4    | Gained mutation: You possess an exceptional clarity of
                  | mind. [potion of mutation]
 58717 | Zot:4    | Gained mutation: Your natural rate of healing is unusually
                  | fast. [potion of mutation]
 58717 | Zot:4    | Gained mutation: One of your tentacles bears a spike.
                  | [potion of mutation]
 58718 | Zot:4    | Lost mutation: You possess an exceptional clarity of mind.
                  | [potion of mutation]
 58718 | Zot:4    | Lost mutation: You are very frail. (-20% HP) [potion of
                  | mutation]
 58718 | Zot:4    | Gained mutation: You are strong-willed. (Will+) [potion of
                  | mutation]
 58915 | Tomb:1   | Identified the "Xoefuroy"
 58915 | Tomb:3   | Identified the "Hiox"
 58915 | Tar:7    | Identified the "Zeducukk"
 58915 | Tar:7    | Identified the "Fionypif"
 58915 | Tar:7    | Identified the of Juptoote
 58915 | Tar:7    | Identified the "Wuotser"
 58915 | Tar:7    | Identified the of Ameugowe
 58915 | Dis:7    | Identified the "Jaipten"
 58915 | Dis:7    | Identified the "Yrur"
 58915 | Dis:7    | Identified the of Becoene
 58915 | Zig:1    | Entered Level 1 of a ziggurat
 58933 | Zig:2    | Entered Level 2 of a ziggurat
 58958 | Zig:3    | Entered Level 3 of a ziggurat
 58981 | Zig:4    | Entered Level 4 of a ziggurat
 59003 | Zig:5    | Identified the of Umeinnot
 59003 | Zig:5    | Entered Level 5 of a ziggurat
 59009 | Zig:5    | Noticed a dread lich
 59010 | Zig:5    | Killed a dread lich
 59031 | Zig:6    | Entered Level 6 of a ziggurat
 59037 | Zig:6    | Found the amulet of Elemental Vulnerability {rPois rF--
                  | rC-- AC+8}
 59038 | Zig:6    | Noticed Suin the pandemonium lord
 59044 | Zig:6    | Killed Suin the pandemonium lord
 59057 | Zig:6    | Identified the staff "Zaulaop" {rElec rN+ Dex+4 Stlth-
                  | Necro}
 59070 | Zig:6    | Identified the +3 great sword "Octopus's Curse" {speed,
                  | rElec rPois rC- Stlth+}
 59073 | Zig:7    | Entered Level 7 of a ziggurat
 59104 | Zig:8    | Entered Level 8 of a ziggurat
 59114 | Zig:8    | Found the +2 Maxwell's thermic engine {flame, freeze, rev}
 59132 | Zig:8    | Identified the +11 halberd of an ice cave {vamp, Fly rElec
                  | rPois Will-}
 59141 | Zig:9    | Entered Level 9 of a ziggurat
 59149 | Zig:9    | Noticed Rahucvop the pandemonium lord
 59149 | Zig:9    | Noticed Siyli the pandemonium lord
 59149 | Zig:9    | Noticed Xulo the pandemonium lord
 59151 | Zig:9    | Killed Rahucvop the pandemonium lord
 59152 | Zig:9    | Killed Xulo the pandemonium lord
 59155 | Zig:9    | Killed Siyli the pandemonium lord
 59220 | Zig:9    | Identified the +5 great sword of the Winnowing Seeker
                  | {elec, Int+2}
 59221 | Zig:9    | Identified the +7 rapier of Gravity {flame, *Rage +Blink
                  | rElec Int+3}
 59242 | Zig:10   | Entered Level 10 of a ziggurat
 59269 | Zig:10   | Identified the +4 mace "Werhigex" {freeze, rC++ Int+5}
 59270 | Zig:10   | Identified the +1 dire flail of Charmed Guile {antimagic,
                  | rPois rN+ rCorr}
 59275 | Zig:10   | Identified the staff of the Final Decision {rC+ Stlth+
                  | Conj}
 59280 | Zig:11   | Identified the "Ammurhit"
 59280 | Zig:11   | Entered Level 11 of a ziggurat
 59289 | Zig:11   | Noticed a dread lich
 59290 | Zig:11   | Noticed a dread lich
 59291 | Zig:11   | Killed a dread lich
 59291 | Zig:11   | Killed a dread lich
 59291 | Zig:11   | Noticed a dread lich
 59292 | Zig:11   | Killed a dread lich
 59335 | Zig:11   | Identified the +1 quarterstaff of Drought {heavy, Str+2}
 59350 | Zig:11   | Acquired the +1 hat "Caeqasta" {rC+ Regen+}
 59363 | Zig:11   | Acquired the ring of Wiener {rN+ Will+ rCorr Str+4 Int+3}
 59371 | Zig:12   | Entered Level 12 of a ziggurat
 59411 | Zig:12   | Identified the +11 short sword of Joebrori {drain, rF+
                  | Will+ Stlth+}
 59429 | Zig:13   | Identified the "Mykaf"
 59429 | Zig:13   | Entered Level 13 of a ziggurat
 59437 | Zig:13   | Noticed a dread lich
 59439 | Zig:13   | Killed a dread lich
 59450 | Zig:13   | Identified the ring of Fragile Peace {rElec rPois rC+
                  | Str+2}
 59460 | Zig:13   | Identified the ring "Ret Zaju" {rN+ rCorr Int+3 Slay-2
                  | Stlth+}
 59483 | Zig:13   | Identified the "Yxzimenk" (You acquired it on level 13 of
                  | a ziggurat)
 59483 | Zig:13   | Acquired the amulet of Xoraj {Regen+ Str+4}
 59488 | Zig:14   | Entered Level 14 of a ziggurat
 59499 | Zig:14   | Noticed a juggernaut
 59500 | Zig:14   | Noticed a juggernaut
 59500 | Zig:14   | Noticed a juggernaut
 59500 | Zig:14   | Noticed a juggernaut
 59501 | Zig:14   | Killed a juggernaut
 59501 | Zig:14   | Killed a juggernaut
 59502 | Zig:14   | Killed a juggernaut
 59502 | Zig:14   | Killed a juggernaut
 59512 | Zig:14   | Acquired a book of Lightning
 59514 | Zig:14   | Acquired the ring of Ciexzeno {Wiz rPois rN+ SInv}
 59540 | Zig:14   | Identified the +7 short sword of Ompyl {heavy, Stlth+}
 59553 | Zig:15   | Entered Level 15 of a ziggurat
 59560 | Zig:15   | Noticed Ymeeq the pandemonium lord
 59562 | Zig:15   | Noticed Foomiw the pandemonium lord
 59566 | Zig:15   | Killed Ymeeq the pandemonium lord
 59570 | Zig:15   | Killed Foomiw the pandemonium lord
 59593 | Zig:15   | Found the +9 staff of Olgreb {rPois∞}
 59626 | Zig:15   | Identified the ring "Laonenk" {rC+ EV+5 Dex-4 SInv}
 59632 | Zig:16   | Entered Level 16 of a ziggurat
 59655 | Zig:16   | Found the +7 mace of Variability {chaos, chaos arc}
 59680 | Zig:16   | Identified the ring "Olewiuse" {rF+ rCorr Dex+3 Slay+2}
 59688 | Zig:16   | Identified the staff of Lugonu's Pride {rC+ Stlth+ Ice}
 59689 | Zig:16   | Identified the +6 battleaxe "Luiwicsamo" {venom, rF- Int+3
                  | Dex+2}
 59693 | Zig:16   | Identified the +2 glaive of Oozing Pus {elec, rPois Will+}
 59701 | Zig:17   | Entered Level 17 of a ziggurat
 59748 | Zig:17   | Identified the ring "Ownud" {rPois rF+ rN+ Int+7 Slay-5
                  | SInv}
 59753 | Zig:17   | Identified the +1 pair of gloves of Jutreidy {SInv Stlth+}
 59766 | Zig:17   | Identified the +2 leather armour "Fuozoi" {rC+ rN+}
 59770 | Zig:17   | Identified the +8 orcbow of Shame {drain, rN+ Int+5}
 59774 | Zig:18   | Entered Level 18 of a ziggurat
 59786 | Zig:18   | Noticed an ancient lich
 59787 | Zig:18   | Killed an ancient lich
 59814 | Zig:18   | Identified the +8 broad axe of the Shining Light {freeze,
                  | Int+5 Dex+3 SInv}
 59822 | Zig:18   | Identified the ring "Ketoh" {+Blink rC+ Will- Str+7 Dex-5}
 59828 | Zig:18   | Identified the amulet of Queggo {Reflect rPois Regen+ SH+5
                  | Stlth+}
 59832 | Zig:18   | Identified the +5 chain mail of Hedge Wizardry {+Blink}
 59846 | Zig:19   | Identified the of Enwumiyfu
 59846 | Zig:19   | Entered Level 19 of a ziggurat
 59851 | Zig:19   | Paralysed by an air elemental for 1 turns
 59872 | Zig:19   | Found the +11 plutonium sword {Contam Stlth-}
 59873 | Zig:19   | Found the +7 great mace "Undeadhunter" {deathbane, rN+}
 59886 | Zig:19   | Identified the staff "Wucs" {rPois rC+ Int+3 Dex-2 Earth}
 59890 | Zig:19   | Identified the staff of Quantum Leap {Int+5 Conj}
 59907 | Zig:19   | Identified the +5 sling of Parts Unknown {freeze, rElec}
 59922 | Zig:20   | Identified the "Gan Teos"
 59922 | Zig:20   | Entered Level 20 of a ziggurat
 59932 | Zig:20   | Reached skill level 1 in Polearms
 59933 | Zig:20   | Noticed an ancient lich
 59933 | Zig:20   | Noticed an ancient lich
 59935 | Zig:20   | Killed an ancient lich
 59935 | Zig:20   | Noticed an ancient lich
 59937 | Zig:20   | Killed an ancient lich
 59937 | Zig:20   | Killed an ancient lich
 59951 | Zig:20   | Found the +8 frozen axe "Frostbite" {freeze, freezing
                  | cloud, *Noise Fly rC+}
 59962 | Zig:20   | Identified the ring "Pemie" {Wiz rF+ rCorr Int+4 Dex-2}
 59971 | Zig:20   | Identified the +0 mace "Maecexoz" {pain, rPois}
 59973 | Zig:20   | Identified the +6 demon blade "Hydraslayer" {flame, rC+}
 59976 | Zig:20   | Identified the +1 triple crossbow of Defence {elec, rC+
                  | Dex+3}
 59988 | Zig:21   | Identified the of Zonko
 59988 | Zig:21   | Entered Level 21 of a ziggurat
 60002 | Zig:21   | Noticed Giobluat the pandemonium lord
 60002 | Zig:21   | Noticed Peob the pandemonium lord
 60002 | Zig:21   | Noticed Wiaz the pandemonium lord
 60003 | Zig:21   | Noticed Quibeme the pandemonium lord
 60003 | Zig:21   | Noticed Monaisa the pandemonium lord
 60003 | Zig:21   | Noticed Wivituom the pandemonium lord
 60004 | Zig:21   | Noticed Isuv the pandemonium lord
 60004 | Zig:21   | Noticed Ryejaku the pandemonium lord
 60005 | Zig:21   | Noticed Seng the pandemonium lord
 60005 | Zig:21   | Killed Quibeme the pandemonium lord
 60006 | Zig:21   | Killed Wivituom the pandemonium lord
 60006 | Zig:21   | Killed Giobluat the pandemonium lord
 60006 | Zig:21   | Killed Peob the pandemonium lord
 60006 | Zig:21   | Killed Isuv the pandemonium lord
 60006 | Zig:21   | Killed Monaisa the pandemonium lord
 60006 | Zig:21   | Killed Wiaz the pandemonium lord
 60006 | Zig:21   | Noticed Uwnosm the pandemonium lord
 60007 | Zig:21   | Killed Ryejaku the pandemonium lord
 60008 | Zig:21   | Killed Seng the pandemonium lord
 60008 | Zig:21   | Killed Uwnosm the pandemonium lord
 60034 | Zig:21   | Identified the +9 lajatang of Integrity {flame, rC+ Dex+2}
 60045 | Zig:21   | Identified the +10 dire flail of the Undead {antimagic, rC+
                  | Int+3}
 60047 | Zig:21   | Identified the +3 whip of Ediop {flame, rC+ Will- Str+4}
 60058 | Zig:21   | Identified the +11 crystal plate armour of the Past {rF+
                  | rN++ Regen+ Int-3}
 60061 | Zig:21   | Identified the +2 mace of Idwukiyd {flame, *Corrode Int+4
                  | Dex+4 Stlth+}
 60064 | Zig:21   | Identified the +5 quick blade of the Wheel {freeze, *Noise
                  | +Blink rElec}
 60077 | Zig:22   | Identified the "Corozocs"
 60077 | Zig:22   | Identified the "Eruixemo"
 60077 | Zig:22   | Identified the "Fausec"
 60077 | Zig:22   | Entered Level 22 of a ziggurat
 60089 | Zig:22   | Reached skill level 5 in Polearms
 60116 | Zig:22   | Found the +8 whip "Snakebite" {venom, curare, rPois}
 60157 | Zig:22   | Identified the +2 pair of boots of Wariness {Str+5}
 60170 | Zig:23   | Entered Level 23 of a ziggurat
 60189 | Zig:23   | Noticed Kiujew the pandemonium lord
 60190 | Zig:23   | Reached skill level 27 in Spellcasting
 60194 | Zig:23   | Killed Kiujew the pandemonium lord
 60244 | Zig:23   | Found the sphere of Battle
 60264 | Zig:23   | Identified the +4 arbalest of Aladykyj {elec, rC+ Int+4}
 60268 | Zig:23   | Identified the ring "Zyraurywn" {Fire +Blink Fly Will+
                  | Int+3}
 60273 | Zig:23   | Identified the +0 pearl dragon scales of Mezcal {rElec rN+
                  | Str-2 Int+5 SInv}
 60290 | Zig:24   | Identified the of Wuocwutt
 60290 | Zig:24   | Entered Level 24 of a ziggurat
 60305 | Zig:24   | Reached skill level 10 in Polearms
 60357 | Zig:24   | Identified the +4 battleaxe "Gonatohi" {freeze, rElec rF+
                  | rC+ Str-5 Dex+4}
 60394 | Zig:24   | Identified the staff "Voloev" {rPois rF+ MP+9 Dex-2 Poison}
 60401 | Zig:25   | Identified the "Dunnim"
 60401 | Zig:25   | Identified the of Jeephol
 60401 | Zig:25   | Entered Level 25 of a ziggurat
 60411 | Zig:25   | Reached skill level 5 in Earth Magic
 60444 | Zig:25   | Identified the +0 scale mail of the Golden God {Str-3 Int+4
                  | SInv}
 60456 | Zig:25   | Identified the +1 plate armour "Cocwud" {rCorr}
 60463 | Zig:25   | Identified the +7 dagger of the Hand {spect, rN+ Int+5}
 60469 | Zig:25   | Identified the "Tiuff" (You acquired it on level 25 of a
                  | ziggurat)
 60469 | Zig:25   | Acquired a manual of Earth Magic
 60471 | Zig:25   | Identified the of Unempis (You acquired it on level 25 of
                  | a ziggurat)
 60471 | Zig:25   | Acquired a manual of Staves
 60486 | Zig:25   | Identified the +4 helmet "Sexkacvi" {rC+ rN+ Str-4 Int+2
                  | Dex+3}
 60490 | Zig:25   | Identified the ring "Hamot" {*Corrode rF+ rN+ Int+3}
 60491 | Zig:25   | Identified the ring "Fuarut" {Fire Will++}
 60497 | Zig:26   | Identified the "Tuerphom"
 60497 | Zig:26   | Entered Level 26 of a ziggurat
 60503 | Zig:26   | Noticed a royal mummy
 60503 | Zig:26   | Noticed a royal mummy
 60505 | Zig:26   | Killed a royal mummy
 60505 | Zig:26   | Killed a royal mummy
 60507 | Zig:26   | Noticed a royal mummy
 60508 | Zig:26   | Noticed a royal mummy
 60508 | Zig:26   | Noticed a royal mummy
 60509 | Zig:26   | Killed a royal mummy
 60509 | Zig:26   | Killed a royal mummy
 60510 | Zig:26   | Killed a royal mummy
 60510 | Zig:26   | Noticed a royal mummy
 60512 | Zig:26   | Killed a royal mummy
 60513 | Zig:26   | Reached skill level 5 in Evocations
 60514 | Zig:26   | Noticed a royal mummy
 60514 | Zig:26   | Noticed a royal mummy
 60515 | Zig:26   | Killed a royal mummy
 60515 | Zig:26   | Killed a royal mummy
 60516 | Zig:26   | Reached skill level 10 in Dodging
 60518 | Zig:26   | Noticed a royal mummy
 60518 | Zig:26   | Noticed a royal mummy
 60519 | Zig:26   | Killed a royal mummy
 60523 | Zig:26   | Killed a royal mummy
 60525 | Zig:26   | Noticed a royal mummy
 60526 | Zig:26   | Killed a royal mummy
 60574 | Zig:26   | Identified the +4 spear "Ybodo" {spect, rF+ Int+2}
 60575 | Zig:26   | Identified the +11 orcbow of Fimbulwinter {heavy, rElec
                  | rPois rF- Dex+4}
 60583 | Zig:26   | Identified the ring of the Swan {Fly Int+6}
 60594 | Zig:27   | Identified the "Cept"
 60594 | Zig:27   | Identified the "Veuwub"
 60594 | Zig:27   | Entered Level 27 of a ziggurat
 60603 | Zig:27   | Noticed a juggernaut
 60604 | Zig:27   | Noticed a juggernaut
 60609 | Zig:27   | Killed a juggernaut
 60613 | Zig:27   | Reached skill level 10 in Earth Magic
 60613 | Zig:27   | Killed a juggernaut
 60670 | Zig:27   | Found the +8 Wrath of Trog {antimagic, *Rage Rampage}
 60671 | Zig:27   | Found the +8 demon blade "Leech" {evervamp, Harm Drain rN+}
 60682 | Zig:27   | Identified the +2 great sword "Ucu Miry" {protect, rElec
                  | rPois Dex+3}
 60688 | Zig:27   | Identified the +2 pair of boots of the Thinker {rF+ MP+9
                  | Int+3}
 60693 | Zig:27   | Identified the +7 short sword of Ujautogamo {freeze,
                  | *Corrode rF++ rC+}
 60694 | Zig:27   | Identified the +2 dagger "Eliyfi" {antimagic, Will++ Str+4
                  | Stlth-}
 60695 | Zig:27   | Identified the +10 rapier of Unbearable Punishment {venom,
                  | *Rage Fragile Str+6 SInv}
 60696 | Zig:27   | Identified the +7 hand cannon "Esumaet" {drain, Str+2}
 60697 | Zig:27   | Identified the staff "Ibboogin" {rElec Will++ rCorr Dex-2
                  | Conj}
 60702 | Zig:27   | Identified the ring "Woah" {Will+++ rCorr MP+9 Str-3
                  | Slay+4}
 60732 | Zig:27   | Identified the +9 lajatang of Coczui {flame, Fragile rElec
                  | rCorr MP+9}
 60745 | Zig:27   | Learned a level 2 spell: Sublimation of Blood
 60750 | Zig:27   | Lost mutation: You are strong-willed. (Will+) [potion of
                  | mutation]
 60750 | Zig:27   | Lost mutation: You are frail. (-10% HP) [potion of
                  | mutation]
 60750 | Zig:27   | Gained mutation: Your skin blends seamlessly with your
                  | surroundings (Stealth++). [potion of mutation]
 60750 | Zig:27   | Gained mutation: You are clumsy. (Dex -2) [potion of
                  | mutation]
 60750 | Zig:27   | Gained mutation: You are partially covered in large bone
                  | plates. (SH +4) [potion of mutation]
 60751 | Zig:27   | Lost mutation: Your natural rate of healing is unusually
                  | fast. [potion of mutation]
 60751 | Zig:27   | Lost mutation: You are clumsy. (Dex -2) [potion of
                  | mutation]
 60751 | Zig:27   | Lost mutation: Your skin blends seamlessly with your
                  | surroundings (Stealth++). [potion of mutation]
 60751 | Zig:27   | Gained mutation: You are covered in fur. (AC +1) [potion of
                  | mutation]
 61103 | Tomb:1   | Entered Level 1 of the Tomb of the Ancients
 61137 | Tomb:1   | Learned a level 9 spell: Shatter
 61278 | Tomb:1   | Noticed a royal mummy
 61281 | Tomb:1   | Killed a royal mummy
 61859 | Tomb:1   | Noticed a royal mummy
 61862 | Tomb:1   | Noticed a royal mummy
 61863 | Tomb:1   | Noticed a royal mummy
 61864 | Tomb:1   | Killed a royal mummy
 61865 | Tomb:1   | Killed a royal mummy
 61866 | Tomb:1   | Killed a royal mummy
 61869 | Tomb:1   | Noticed a royal mummy
 61869 | Tomb:1   | Noticed a royal mummy
 61875 | Tomb:1   | Killed a royal mummy
 61875 | Tomb:1   | Killed a royal mummy
 61918 | Tomb:1   | Noticed a royal mummy
 61920 | Tomb:1   | Killed a royal mummy
 61921 | Tomb:1   | Reached skill level 15 in Earth Magic
 61921 | Tomb:1   | Noticed a royal mummy
 61922 | Tomb:1   | Killed a royal mummy
 61923 | Tomb:1   | Killed a royal mummy
 61924 | Tomb:1   | Noticed a royal mummy
 61927 | Tomb:1   | Killed a royal mummy
 62042 | Tomb:1   | Noticed a royal mummy
 62043 | Tomb:1   | Noticed a royal mummy
 62045 | Tomb:1   | Killed a royal mummy
 62045 | Tomb:1   | Noticed a royal mummy
 62046 | Tomb:1   | Noticed a royal mummy
 62046 | Tomb:1   | Noticed a royal mummy
 62047 | Tomb:1   | Killed a royal mummy
 62048 | Tomb:1   | Killed a royal mummy
 62049 | Tomb:1   | Killed a royal mummy
 62049 | Tomb:1   | Killed a royal mummy
 62205 | Tomb:3   | Entered Level 3 of the Tomb of the Ancients
 62224 | Tomb:3   | Noticed a royal mummy
 62225 | Tomb:3   | Noticed a royal mummy
 62227 | Tomb:3   | Killed a royal mummy
 62227 | Tomb:3   | Killed a royal mummy
 62245 | Tomb:3   | Noticed a royal mummy
 62245 | Tomb:3   | Noticed a royal mummy
 62251 | Tomb:3   | Killed a royal mummy
 62252 | Tomb:3   | Noticed a royal mummy
 62254 | Tomb:3   | Killed a royal mummy
 62255 | Tomb:3   | Killed a royal mummy
 62256 | Tomb:3   | Noticed a royal mummy
 62258 | Tomb:3   | Noticed a royal mummy
 62259 | Tomb:3   | Killed a royal mummy
 62261 | Tomb:3   | Noticed a royal mummy
 62261 | Tomb:3   | Killed a royal mummy
 62263 | Tomb:3   | Killed a royal mummy
 62265 | Tomb:3   | Noticed a royal mummy
 62267 | Tomb:3   | Killed a royal mummy
 62337 | Tomb:3   | Identified the +5 glaive "Killer Bee's Regret" {flame, rF++
                  | rC+}
 62561 | Tomb:3   | Got a golden rune of Zot
 62612 | Tomb:3   | Identified the +7 plate armour of Eternal Vigilance {rF+}
 62613 | Tomb:3   | Identified the ring "Ryawed" {rC+ Slay+5}
 62659 | Tomb:3   | Identified the +6 trident "Feigetio" {venom, rElec Dex+4}
 62692 | Tomb:2   | Noticed a royal mummy
 62698 | Tomb:2   | Killed a royal mummy
 62699 | Tomb:2   | Noticed a royal mummy
 62699 | Tomb:2   | Noticed a royal mummy
 62704 | Tomb:2   | Killed a royal mummy
 62704 | Tomb:2   | Killed a royal mummy
 62705 | Tomb:2   | Noticed a royal mummy
 62708 | Tomb:2   | Noticed a royal mummy
 62710 | Tomb:2   | Killed a royal mummy
 62712 | Tomb:2   | Killed a royal mummy
 62859 | Tomb:2   | Acquired 969 gold pieces
 63093 | Tomb:1   | Identified the +4 ring mail of the Lost Knives {Dex+3}
 63536 | Pan      | Entered Pandemonium
 63719 | Pan      | Identified the "Xoppew" (You acquired it in Pandemonium)
 63719 | Pan      | Acquired a manual of Axes
 64015 | Pan      | Noticed Daukh the pandemonium lord
 64019 | Pan      | Killed Daukh the pandemonium lord
 64139 | Pan      | Identified the "Bisol"
 64171 | Pan      | Reached skill level 10 in Evocations
 64189 | Pan      | Noticed Huvary the pandemonium lord
 64191 | Pan      | Killed Huvary the pandemonium lord
 64364 | Pan      | Noticed Uffis the pandemonium lord
 64366 | Pan      | Killed Uffis the pandemonium lord
 64431 | Pan      | Identified the +0 scale mail "Riat" {rF+ Str-5 Int+4 Dex+2}
 64440 | Pan      | Got a demonic rune of Zot
 64477 | Pan      | Identified the of Zorouvoo
 64477 | Pan      | Entered the realm of Cerebov.
 64872 | Pan      | Learned a level 8 spell: Lehudib's Crystal Spear
 64946 | Pan      | Identified the +1 robe "Monygg" {+Blink Stlth+}
 65075 | Pan      | Found the +6 sword of Cerebov {flame}
 65075 | Pan      | Noticed Cerebov
 65105 | Pan      | Killed Cerebov
 65106 | Pan      | Reached skill level 15 in Dodging
 65121 | Pan      | Got a fiery rune of Zot
 65161 | Pan      | Identified the staff of the Pure Violins {Contam rElec
                  | Str+6 Air}
 65179 | Pan      | Identified the +7 long sword of the First Ghosts {drain,
                  | *Slow Int+4}
 65199 | Pan      | Identified the ring of Departure {Fly rCorr AC+4 Dex+3}
 65259 | Pan      | Entered the realm of Lom Lobon.
 65259 | Pan      | Found an exit through the horrors of the Abyss.
 65394 | Pan      | Noticed Lom Lobon
 65399 | Pan      | Killed Lom Lobon
 65427 | Pan      | Got a magical rune of Zot
 65615 | Pan      | Identified the +0 ring mail of the Lute {Rampage Int+3
                  | Dex-5 SInv}
 65667 | Pan      | Entered the realm of Gloorx Vloq.
 65668 | Pan      | Noticed Gloorx Vloq
 65684 | Pan      | Killed Gloorx Vloq
 65696 | Pan      | Got a dark rune of Zot
 65783 | Pan      | Entered the realm of Mnoleg.
 65783 | Pan      | Noticed Mnoleg
 65790 | Pan      | Killed Mnoleg
 65839 | Pan      | Got a glowing rune of Zot
 65974 | Pan      | Found an exit through the horrors of the Abyss.
 65983 | Pan      | Took an exit into the Abyss.
 65983 | Abyss:2  | Escaped into the Abyss
 66088 | Abyss:3  | Found a corrupted altar of Lugonu.
 66099 | Abyss:4  | Found a corrupted altar of Lugonu.
 66102 | Abyss:4  | Found a corrupted altar of Lugonu.
 66104 | Abyss:4  | Found a corrupted altar of Lugonu.
 66169 | Abyss:5  | Found a shimmering altar of Xom.
 66176 | Abyss:5  | Got an abyssal rune of Zot
 66207 | Depths:2 | Escaped the Abyss
 66265 | Hell     | Entered the Vestibule of Hell
 66265 | Hell     | Noticed Geryon
 66269 | Hell     | Killed Geryon
 66384 | Hell     | Found a gateway to the Iron City of Dis.
 66391 | Dis:1    | Entered Level 1 of the Iron City of Dis
 66555 | Dis:1    | Noticed an ancient lich
 66556 | Dis:1    | Noticed an ancient lich
 66557 | Dis:1    | Killed an ancient lich
 66558 | Dis:1    | Killed an ancient lich
 66579 | Dis:1    | Noticed a dread lich
 66580 | Dis:1    | Noticed a dread lich
 66581 | Dis:1    | Killed a dread lich
 66581 | Dis:1    | Noticed a dread lich
 66581 | Dis:1    | Noticed an ancient lich
 66581 | Dis:1    | Noticed a dread lich
 66582 | Dis:1    | Killed a dread lich
 66582 | Dis:1    | Killed an ancient lich
 66583 | Dis:1    | Reached skill level 27 in Fighting
 66583 | Dis:1    | Killed a dread lich
 66584 | Dis:1    | Killed a dread lich
 66587 | Dis:1    | Noticed a dread lich
 66591 | Dis:1    | Killed a dread lich
 66738 | Dis:3    | You are sucked into a shaft and drop 2 floors!
 66794 | Dis:6    | Noticed an ancient lich
 66796 | Dis:6    | Killed an ancient lich
 66930 | Dis:7    | Entered Level 7 of the Iron City of Dis
 66968 | Dis:7    | Noticed a juggernaut
 66971 | Dis:7    | Killed a juggernaut
 66985 | Dis:7    | Noticed a juggernaut
 66989 | Dis:7    | Killed a juggernaut
 67398 | Dis:7    | Identified the +8 falchion of Sequestration {speed, Dex+3}
 67398 | Dis:7    | Noticed Dispater
 67405 | Dis:7    | Killed Dispater
 67442 | Dis:7    | Identified the ring of Imit {rPois MP-9 Str+4 Dex+4}
 67444 | Dis:7    | Got an iron rune of Zot
 67447 | Dis:7    | Identified the +0 scale mail "Couvoakh" {Str-5 Int+3 Dex+5}
 67448 | Dis:7    | Identified the staff of Gin and Tonic {rF+ Earth}
 67634 | Hell     | Found a gateway to the ashen valley of Gehenna.
 67643 | Geh:1    | Entered Level 1 of Gehenna
 67961 | Geh:7    | Entered Level 7 of Gehenna
 67976 | Geh:7    | Found the +13 sceptre of Asmodeus
 67976 | Geh:7    | Noticed Asmodeus
 67990 | Geh:7    | Killed Asmodeus
 68081 | Geh:7    | Got an obsidian rune of Zot
 68096 | Geh:7    | Noticed a dread lich
 68098 | Geh:7    | Killed a dread lich
 68101 | Geh:7    | Found the +8 autumn katana {manifold assault}
 68218 | Hell     | Found a gateway to the freezing wastes of Cocytus.
 68235 | Coc:1    | Entered Level 1 of Cocytus
 68237 | Coc:1    | Paralysed by a wendigo for 1 turns
 68380 | Coc:5    | Paralysed by a wendigo for 1 turns
 68469 | Coc:7    | Entered Level 7 of Cocytus
 68669 | Coc:7    | Reached skill level 27 in Shapeshifting
 68677 | Coc:7    | Noticed the Serpent of Hell
 68681 | Coc:7    | Killed the Serpent of Hell
 68776 | Coc:7    | Found the +10 tower shield of Ignorance {rN+ Int-4}
 68797 | Coc:7    | Identified the +10 demon trident of Qepsofeq {elec,
                  | *Corrode rElec Dex+5}
 68902 | Coc:7    | Noticed Antaeus
 68910 | Coc:7    | Killed Antaeus
 68926 | Coc:7    | Paralysed by a wendigo for 1 turns
 68932 | Coc:7    | Identified the +1 helmet of Sif Muna's Hope {Rampage rC+
                  | Will+}
 68934 | Coc:7    | Identified the amulet of Bysadyfe {Will+ Regen+ MP+9 Int+4
                  | Dex-4}
 68937 | Coc:7    | Got an icy rune of Zot
 69127 | Hell     | Found a gateway to the decaying netherworld of Tartarus.
 69156 | Tar:1    | Entered Level 1 of Tartarus
 69541 | Tar:4    | Noticed an ancient lich
 69545 | Tar:4    | Killed an ancient lich
 70022 | Tar:7    | Entered Level 7 of Tartarus
 70032 | Tar:7    | Noticed an ancient lich
 70034 | Tar:7    | Killed an ancient lich
 70060 | Tar:7    | Got a bone rune of Zot
 70076 | Tar:7    | Noticed a dread lich
 70079 | Tar:7    | Killed a dread lich
 70363 | Zot:5    | Noticed a dread lich
 70365 | Zot:5    | Killed a dread lich
 70425 | Zot:5    | Killed an orb of fire
 70426 | Zot:5    | Killed an orb of fire
 70915 | Zot:5    | Noticed an orb of fire
 70924 | Zot:5    | Reached skill level 1 in Ice Magic
 70925 | Zot:5    | Killed an orb of fire
 70926 | Zot:5    | Reached skill level 27 in Dodging
 70951 | Zot:5    | Noticed an orb of fire
 70954 | Zot:5    | Killed an orb of fire
 71089 | Zot:5    | Noticed an orb of fire
 71091 | Zot:5    | Killed an orb of fire
 71091 | Zot:5    | Noticed an orb of fire
 71095 | Zot:5    | Killed an orb of fire
 71096 | Zot:5    | Reached skill level 5 in Ice Magic
 71107 | Zot:5    | Noticed an orb of fire
 71109 | Zot:5    | Noticed an orb of fire
 71111 | Zot:5    | Killed an orb of fire
 71113 | Zot:5    | Killed an orb of fire
 71378 | Zot:5    | Identified the of Quttu (You acquired it on level 5 of the
                  | Realm of Zot)
 71378 | Zot:5    | Acquired a manual of Evocations
 71448 | Zot:5    | Got the Orb of Zot
 71828 | D:8      | Reached skill level 10 in Ice Magic
 71960 | D:$      | Escaped with the Orb!

Illustrated notes

Levels and vault maps discovered:
D:1:      dpeg_arrival_water_temple_mockup, layout_loops_ring, serial_shops,
          shop, basic_ecumenical_altar
D:2:      layout_basic, basic_altar
D:3:      layout_rooms, okawaru_metal_pillars_1_2, mainiacjoe_overflow_catwalk
D:4:      layout_cave_pools, nicolae_ru_great_annihilating_truth,
          lemuel_coloured_pillars_altar, nicolae_dithmenos_the_darkroom,
          grunt_temple_overflow_open, ebering_ghost_disaster_area
D:5:      layout_cave_pools, elyvilon_altar_5, bh_walls_and_bars
D:6:      layout_cave_pools, nicolae_shop_fire_sale [nicolae_sub_dead_trees],
          nicolae_concentric_dashed_squares_mild, uniq_edmund
D:7:      layout_rooms, minmay_temple_entry_mist, uniq_maggie
D:8:      layout_rooms, chei_slow_surprise, marbit_many_paths,
          mainiacjoe_overflow_24_doors, mainiacjoe_overflow_large_starburst,
          nrook_mini_vaults
D:9:      layout_basic, dpeg_oklobed_lair
D:10:     cheibrodos_iron_armory, layout_loops_ring,
          nicolae_hepliaklqana_monster_ancestors, amcnicky_altar_gilded,
          uniq_snorg, uniq_erolcha
D:11:     layout_long_grid, kennysheep_orc_monster_closet_entryway,
          serial_shops, shop, kennysheep_pointless_box
D:12:     nzn_winding_woodlands_large [nzn_winding_woodlands_5x5_open_star,
          nzn_winding_woodlands_5x15_twine, nzn_winding_woodlands_5x5_cross,
          nzn_winding_woodlands_center_triple_pond,
          nzn_winding_woodlands_15x15_eel_pit,
          nzn_winding_woodlands_center_garden,
          nzn_winding_woodlands_5x5_perimeter,
          nzn_winding_woodlands_5x15_lazy_stream,
          nzn_winding_woodlands_5x5_three], layout_gridville
D:13:     layout_gridville, serial_shops, nicolae_shop_window_shopping,
          nicolae_diamond_shop, nicolae_shop_real_fake_doors, shop,
          nicolae_shop_behind_doors, minmay_pinched_square
D:14:     layout_long_grid, hangedman_vaults_entry_quadrant_bands,
          nicolae_hexahallways, uniq_azrael, uniq_frances
D:15:     gammafunk_depths_entry_grave, layout_loops_ring,
          nicolae_qazlal_general_emergency, serial_shops, nicolae_shop_trees,
          uniq_louise, uniq_josephine
Temple:   nicolae_temple_bog_church
Lair:1:   layout_layer_cave, pond
Lair:2:   layout_roguey, st_stairs_11, beast_lair_carwin_9
Lair:3:   layout_misc_corridors, nicolae_shoals_entry_roost,
          nicolae_spider_entry_lesser_pyramids, pf_torpor_hydra,
          lemuel_fruit_tree, uniq_sonja
Lair:4:   layout_loops_ring, guppyfry_lair_drakes, grunt_megastairs_5
Lair:5:   hellmonk_lair_end_abyssal_woods, layout_cave_pods, slime_entry_2
Shoals:1: layout_shoals, uniq_roxanne
Shoals:2: layout_shoals, nicolae_shoals_so_close
Shoals:3: layout_shoals, lemuel_centaur_altar, uniq_polyphemus
Shoals:4: shoals_end_simple, layout_shoals, ldierk_geyser,
          nicolae_shoals_water_booths
Spider:1: layout_spider_delve
Spider:2: layout_spider_delve
Spider:3: layout_cave_pods, hellmonk_ghost_happy_afterlife, drop_trap,
          uniq_arachne, uniq_mlioglotl, uniq_donald
Spider:4: grunt_spider_rune_parallel, hangedman_stitches_earthworm
Slime:1:  layout_caves
Slime:2:  layout_caves
Slime:3:  layout_caves, basic_altar
Slime:4:  layout_caves
Slime:5:  slime_pit
Orc:1:    layout_caves, basic_altar, portal_ice_cave_entry_ice_simulacra,
          mines2_david
Orc:2:    grunt_orc_tribal_feast, layout_caves
Elf:1:    elf_arrival_001, layout_onion_city, serial_shops,
          nicolae_shop_just_a_little_nook, hangedman_elf_represent, uniq_jorgrun
Elf:2:    nicolae_elf_blades_splatter_lattice [nooodl_blade_entry_preview],
          layout_geoelf_diagonals, ebering_ghost_disaster_area
Elf:3:    minmay_elf_hall, layout_geoelf_octagon, serial_shops,
          nicolae_square_shop, solitary_fountain
Vaults:1: nicolae_vaults_closet_pinwheel_6, gammafunk_sealed_library,
          nicolae_vaults_frosty_reception, v_misc_14, vaults_room_pools,
          nicolae_vaults_theta, ontoclasm_vaults_pinch, nicolae_vaults_heist,
          ontoclasm_vaults_ring_square, nicolae_vaults_house_2,
          layout_vaults_quadrants, uniq_saint_roka
Vaults:2: hangedman_vaults_snaps, dpeg_vaults_monster_row,
          nicolae_vaults_tetromino_L_2, nicolae_vaults_double_plus_2,
          nicolae_vaults_little_squares_6, nicolae_vaults_apartment_1,
          layout_vaults_chaotic_city, uniq_norris
Vaults:3: nicolae_vaults_triangles, nicolae_vaults_offset_grid_hallway_4,
          minmay_crypt_entry_necro_gods, nicolae_vaults_network_star,
          nicolae_vaults_sesquioval_fish, nicolae_vaults_more_shelving_2,
          grunt_vaults_funnel, v_pattern_2, nicolae_vaults_tetromino_L_1,
          vaults_dpeg_emergency_exit, layout_vaults_omnibox
Vaults:4: vaults_room_corners, nicolae_vaults_double_plus_1,
          nicolae_vaults_windows_and_doors_thing, dpeg_vaults_monster_box,
          nicolae_vaults_storage_closets_3, nicolae_vaults_meiosis,
          nicolae_vaults_house_1, vaults_dpeg_ring, grunt_vaults_hallway_long,
          nicolae_vaults_wine_cellar, nicolae_vaults_diamond_1,
          layout_vaults_maze_snakey
Vaults:5: uniq_margery, uniq_frederick
Crypt:1:  layout_rooms, amcnicky_mini_pool_small, chequers_big_river,
          grunt_crypt_arrival_guarded_gate
Crypt:2:  layout_misc_corridors, mu_enter_wizlab_6,
          lemuel_mausoleum_altar_kikubaaqudgha, uniq_jory, uniq_vv
Crypt:3:  church_of_pain_bobbens, layout_chaotic_city,
          nicolae_tomb_entry_unfolded_pyramid_orthogonal,
          minmay_misc_feat_columns
Tomb:1
Tomb:2
Tomb:3
Depths:1: layout_roguey, minmay_misc_feat_iff, hangedman_tar_grid_catacomb,
          chequers_serial_rivers_small_b, pandoras_box_mu
Depths:2: grunt_bent_corner, layout_basic, nemelex_altar_shiori,
          nicolae_abyss_entry_one_way_or_another, lightli_too_deep, pan_entry,
          roderic_lattice_a, grunt_ministairs_8
Depths:3: minmay_the_grid_triangle_9x9_line_8_mashed
          [minmay_the_grid_triangle_9x9_shrine,
          minmay_the_grid_triangle_9x9_corruption,
          minmay_the_grid_triangle_9x9_steps,
          minmay_the_grid_triangle_9x9_descending_squares,
          minmay_the_grid_triangle_9x9_semitri,
          minmay_the_grid_triangle_9x9_tough_junction,
          minmay_the_grid_triangle_9x9_longest,
          minmay_the_grid_triangle_9x9_prize_insulated], layout_cave_pools,
          enter_ziggurat_c, minmay_misc_feat_four_crosses, hell_entry,
          hangedman_abyss_entry_splay, uniq_grunn
Depths:4: evilmike_zot_entry_castle, layout_cave_shapes, hell_entry,
          serial_bayou_pond_a, uniq_mennas
Hell
Dis:1:    layout_jigsaw, hangedman_dis_chains, nicolae_hells_leichenhalle
Dis:2:    layout_jigsaw, nicolae_dis_step_into_the_octagon
Dis:3:    layout_jigsaw
Dis:5:    layout_gridville, glass_columns_a, nicolae_dis_bowling_alley
Dis:6:    layout_jigsaw, hangedman_dis_decor_tower, nicolae_dis_scattering
Dis:7:    dis_grunt_layers
Geh:1:    layout_gehenna_pools_basic
Geh:2:    layout_gehenna_lava_caves
Geh:3:    layout_gehenna_pools_box
Geh:4:    layout_gehenna_pools_basic
Geh:5:    layout_gehenna_pools_triple, nicolae_geh_niches_of_the_damned
Geh:6:    layout_gehenna_pools_basic
Geh:7:    geh_old
Coc:1:    layout_cocytus_delve
Coc:2:    layout_ice_bergs
Coc:3:    layout_cocytus_water_paths
Coc:4:    layout_cocytus_water_paths
Coc:5:    layout_cocytus_water_paths
Coc:6:    layout_ice_bergs
Coc:7:    coc_grunt
Tar:1:    minmay_shadows, layout_cathedral_of_symmetry,
          nicolae_hells_seeping_fissure
Tar:2:    layout_grid_maze
Tar:3:    layout_honeycomb
Tar:4:    layout_grid_maze
Tar:5:    hangedman_tartarus_temple_path, layout_cathedral_of_symmetry
Tar:6:    layout_cathedral_of_symmetry
Tar:7:    tar_old
Zot:1:    layout_twisted_circle
Zot:2:    layout_gridlike, nicolae_diode_quadrants
Zot:3:    gammafunk_the_bubble [the_bubble_gammafunk_crates], layout_gridlike,
          st_small_dragon_hoard_4, uniq_josephina
Zot:4:    ebering_klown_carousel, layout_cathedral_of_symmetry
Zot:5:    layout_cathedral_of_symmetry

Skill      XL: |  1  2  3  4  5  6  7  8  9 10 11 12 13 14 15 16 17 18 19 20 21 22 23 24 25 26 27 |
---------------+----------------------------------------------------------------------------------+-----
Spellcasting   | 2 3 4 5 6 8 10 11 12 14 15 17 18 19 20 21 23 27 | 27.0
Earth Magic    | 1 2 3 4 21 | 21.0
Conjurations   | 1 3 5 7 9 10 12 13 14 16 17 18 19 20 21 23 | 23.0
Fighting       | 3 4 5 6 7 8 10 13 14 15 16 27 | 27.0
Fire Magic     | 3 7 9 11 12 15 18 19 20 21 | 21.0
Shields        | 1 3 4 5 6 8 |  8.0
Poison Magic   | 2 4 |  4.0
Evocations     | 4 12 | 12.0
Dodging        | 5 6 8 27 | 27.0
Shapeshifting  | 4 9 12 16 19 27 | 27.0
Air Magic      | 5 21 | 21.2
Polearms       | 14 | 14.3
Ice Magic      | 10 | 10.3
Maces & Flails | |  3.0
Stealth        | |  1.3

Action                     |  1- 3 |  4- 6 |  7- 9 | 10-12 | 13-15 | 16-18 | 19-21 | 22-24 | 25-27 || total
---------------------------+-------+-------+-------+-------+-------+-------+-------+-------+-------++-------
  Melee: Mace              |    33 |    20 |     1 |     6 |       |       |       |       |       ||    60
         Constrict         |     6 |     4 |       |       |       |     6 |     3 |       |       ||    19
         Tentacles         |     3 |     1 |       |       |       |     6 |     4 |       |     8 ||    22
         Punch             |       |     1 |       |       |       |       |     1 |       |     1 ||     3
         Staff             |       |       |       |       |       |    20 |     8 |       |     5 ||    33
         Trishula          |       |       |       |       |       |       |       |       |    30 ||    30
         Kick              |       |       |       |       |       |       |       |       |    12 ||    12
  Throw: Dart              |       |     3 |     2 |     2 |       |       |       |       |       ||     7
   Cast: Sting             |    39 |    22 |       |       |       |       |       |       |       ||    61
         Stone Arrow       |       |    36 |   116 |   108 |    32 |     4 |       |       |       ||   296
         Foxfire           |       |       |    22 |    22 |     1 |       |       |       |       ||    45
         Fireball          |       |       |       |   118 |   382 |   345 |   292 |    20 |    49 ||  1206
         Olgreb's Toxic Ra |       |       |       |     8 |     9 |    29 |     4 |       |     1 ||    51
         Kiss of Death     |       |       |       |     1 |     1 |       |       |       |       ||     2
         Iskenderun's Myst |       |       |       |    35 |    53 |    49 |    38 |    20 |    73 ||   268
         Bombard           |       |       |       |       |    11 |    55 |    18 |     2 |    56 ||   142
         Ignition          |       |       |       |       |       |    56 |    97 |     5 |    64 ||   222
         Orb of Destructio |       |       |       |       |       |    10 |     6 |     1 |     2 ||    19
         Fire Storm        |       |       |       |       |       |       |    52 |   178 |   933 ||  1163
         Shatter           |       |       |       |       |       |       |       |       |   358 ||   358
         Chain Lightning   |       |       |       |       |       |       |       |       |   160 ||   160
         Lehudib's Crystal |       |       |       |       |       |       |       |       |   116 ||   116
         Apportation       |       |       |       |       |       |       |       |       |     3 ||     3
         Blink             |       |       |       |       |       |       |       |       |     1 ||     1
Ability: Begin Untransform |       |       |       |       |       |       |       |       |     7 ||     7
  Evoke: Wand              |       |       |       |     1 |     1 |     1 |     1 |       |     6 ||    10
    Use: Scroll            |       |     6 |     8 |    12 |     8 |     6 |     4 |     1 |    37 ||    82
         Potion            |       |     1 |     1 |     1 |       |     1 |     3 |     1 |    33 ||    41
   Stab: Sleeping          |       |       |       |     1 |       |       |       |       |     2 ||     3
 Armour: Skin              |    18 |    16 |    16 |    29 |    54 |    60 |    52 |    10 |   514 ||   769
  Dodge: Dodged            |    16 |    19 |    18 |    44 |    34 |    47 |    39 |    10 |   307 ||   534
  Block: Buckler           |       |       |       |     7 |    11 |    17 |    12 |     4 |       ||    51
         Orb               |       |       |       |       |       |       |       |       |    48 ||    48
         Reflection        |       |       |       |       |       |       |       |       |     1 ||     1
   Form: Statue            |       |       |       |       |       |       |       |       |     9 ||     9
         Death             |       |       |       |       |       |       |       |       |    12 ||    12

Table legend: (Time is in decaauts)
 A = Elapsed time spent in this place.
 B = Non-inter-level travel time spent in this place.
 C = Inter-level travel time spent in this place.
 D = Time resting spent in this place.
 E = Time spent auto-exploring this place.
 F = Levels seen in this place.
 G = Mean time per level.
                   A        B        C        D        E       F      G
               +--------+--------+--------+--------+--------+-----+--------+
         Total |  79620 |  71064 |   8556 |   6842 |  41670 | 133 |  598.6 |
       Dungeon |  18164 |  15201 |   2963 |   1853 |   9164 |  15 | 1210.9 |
        Temple |     41 |     22 |     19 |      0 |      0 |   1 |   41.0 |
          Lair |   7135 |   6368 |    767 |   1144 |   3804 |   5 | 1427.0 |
        Shoals |   3728 |   3501 |    227 |    251 |   2470 |   4 |  932.0 |
   Spider Nest |   3734 |   3538 |    196 |    535 |   1930 |   4 |  933.5 |
    Slime Pits |   2655 |   2422 |    233 |    211 |   1664 |   5 |  531.0 |
  Orcish Mines |   1225 |   1168 |     57 |     21 |    701 |   2 |  612.5 |
   Elven Halls |   3799 |   3569 |    230 |    486 |   2039 |   3 | 1266.3 |
        Vaults |   7335 |   6310 |   1025 |    105 |   4614 |   5 | 1467.0 |
         Crypt |   4327 |   3742 |    585 |    437 |   2592 |   3 | 1442.3 |
          Tomb |   2096 |   1923 |    173 |      0 |   1277 |   3 |  698.7 |
        Depths |   6335 |   5268 |   1067 |     70 |   3913 |   4 | 1583.8 |
          Hell |    775 |    717 |     58 |    114 |    353 |   1 |  775.0 |
           Dis |   1602 |   1509 |     93 |    243 |    466 |   6 |  267.0 |
       Gehenna |    724 |    724 |      0 |     68 |    181 |   7 |  103.4 |
       Cocytus |    731 |    731 |      0 |    167 |    104 |   7 |  104.4 |
      Tartarus |   1393 |   1393 |      0 |     13 |    616 |   7 |  199.0 |
           Zot |   7334 |   6474 |    860 |    539 |   4748 |   5 | 1466.8 |
         Abyss |    782 |    782 |      0 |    158 |    101 |   5 |  156.4 |
   Pandemonium |   2452 |   2452 |      0 |    223 |    741 |  12 |  204.3 |
      Ziggurat |   2815 |   2815 |      0 |    115 |     90 |  27 |  104.3 |
      Ice Cave |     99 |     99 |      0 |     39 |      0 |   1 |   99.0 |
        Wizlab |    327 |    327 |      0 |     47 |     98 |   1 |  327.0 |
               +--------+--------+--------+--------+--------+-----+--------+

Top non-repeatable levels by time:
 Crypt:3: 2508 daAuts
  Lair:5: 2041 daAuts
  Lair:1: 1835 daAuts
Vaults:1: 1822 daAuts
Depths:2: 1819 daAuts
    D:14: 1800 daAuts
   Zot:4: 1785 daAuts
Depths:4: 1770 daAuts
    D:12: 1670 daAuts
Vaults:2: 1617 daAuts
    D:15: 1614 daAuts
   Elf:1: 1613 daAuts
    D:13: 1602 daAuts
   Zot:2: 1483 daAuts
   Elf:3: 1482 daAuts
